 Dungeon Crawl Stone Soup version 0.29.0-4-gdea44cf6ec (webtiles) character file.

Game seed: 649680282091371655

475687 qw the Conqueror (level 23, -22/240 HPs)
             Began as a Minotaur Berserker on Sept 10, 2022.
             Was an Elder of Trog.
             Killed from afar by a storm dragon (28 damage)
             ... with a bolt of lightning
             ... on level 1 of the Realm of Zot.
             The game lasted 00:25:04 (64148 turns).

qw the Conqueror (Minotaur Berserker)              Turns: 64148, Time: 00:25:04

Health: -22/240    AC: 43    Str: 44    XL:     23   Next: 32%
Magic:  13/13      EV: 13    Int:  4    God:    Trog [****..]
Gold:   479        SH: 26    Dex:  8    Spells: 22/22 levels left

rFire   + + .      SeeInvis +   s - +9 broad axe of Amorality {elec, rC+ Str+4 Dex-5 SInv Stlth+}
rCold   + + .      Faith    .   E - +0 tower shield {AC+3}
rNeg    . . .      Spirit   .   p - +1 shadow dragon scales "Ohout" {rF+ Will+ Regen+ Dex+3 Stlth++++}
rPois   +          Reflect  +   (helmet restricted)
rElec   .          Harm     .   t - +2 cloak
rCorr   +          Rampage  .   v - +1 pair of gloves "Qibred" {Fly rPois}
Will    +++..                   i - +2 pair of boots
Stlth   +++.......              y - amulet of reflection
HPRegen 1.30/turn               k - ring of the Leaf {rF+ Will+ MP-9 Str+4 SInv}
MPRegen 0.13/turn               f - ring of Ocaemuep {rC+ rCorr AC+4 Str+3}

@: about to teleport, on berserk cooldown, flying
A: horns 2, retaliatory headbutt
}: 3/15 runes: decaying, serpentine, silver
a: Renounce Religion, Berserk, Trog's Hand, Brothers in Arms


You were on level 1 of the Realm of Zot.
You worshipped Trog.
Trog was greatly pleased with you.
You visited 8 branches of the dungeon, and saw 40 of its levels.

You collected 8350 gold pieces.
You spent 7871 gold pieces at shops.


Innate Abilities, Weirdness & Mutations

You have a pair of horns on your head.
You reflexively headbutt those who attack you in melee.


   Skills:
 O Level 27 Fighting
 - Level 20.0 Axes
 - Level 10.0 Throwing
 + Level 25.7 Armour
 - Level 12.0 Dodging
 - Level 23.0 Shields
 - Level 4.4 Evocations


You had 22 spell levels left.
You didn't know any spells.
Your spell library was empty.

Inventory:

Hand Weapons
 s - the +9 broad axe of Amorality (weapon) {elec, rC+ Str+4 Dex-5 SInv Stlth+}
   (You acquired it on level 3 of the Vaults)

   It occasionally discharges a powerful burst of electricity upon striking a
   foe.
   Str:       It affects your strength (+4).
   Dex:       It affects your dexterity (-5).
   rC:        It protects you from cold.
   SInv:      It lets you see invisible.
   Stlth:     It makes you more stealthy.
Missiles
 r - a boomerang (quivered)
Armour
 c - the +9 plate armour of the Guardian {rCorr Str+3 Dex-5}
   (You took it off an orc high priest on level 1 of the Depths)

   Str:       It affects your strength (+3).
   Dex:       It affects your dexterity (-5).
   rCorr:     It protects you from acid and corrosion.
 i - a +2 pair of boots (worn)
 o - a +1 pair of boots of flying
 p - the +1 shadow dragon scales "Ohout" (worn) {rF+ Will+ Regen+ Dex+3 Stlth++++}
   (You took it off a spriggan defender on level 2 of the Depths)

   Dex:       It affects your dexterity (+3).
   rF:        It protects you from fire.
   Regen:     It increases your rate of health regeneration.
   Will:      It increases your willpower.
   Stlth:     It makes you much more stealthy.
 q - a +2 pair of gloves
 t - a +2 cloak (worn)
 v - the +1 pair of gloves "Qibred" (worn) {Fly rPois}
   (You bought it in a shop on level 2 of the Orcish Mines)

   rPois:     It protects you from poison.
   Fly:       It grants you flight.
 z - a scarf of resistance
 C - the +1 pair of gloves of Hytwoav {+Blink rPois rC++ Int-3}
   (You found it on level 4 of the Vaults)

   Int:       It affects your intelligence (-3).
   rC:        It greatly protects you from cold.
   rPois:     It protects you from poison.
   +Blink:    It lets you blink.
 E - a +0 tower shield of protection (worn)
Jewellery
 f - the ring of Ocaemuep (right hand) {rC+ rCorr AC+4 Str+3}
   (You found it on level 15 of the Dungeon)

   [ring of protection]

   AC:        It affects your AC (+4).
   Str:       It affects your strength (+3).
   rC:        It protects you from cold.
   rCorr:     It protects you from acid and corrosion.
 k - the ring of the Leaf (left hand) {rF+ Will+ MP-9 Str+4 SInv}
   (You found it on level 3 of the Vaults)

   [ring of protection from fire]

   Str:       It affects your strength (+4).
   rF:        It protects you from fire.
   MP:        It affects your magic capacity (-9).
   SInv:      It lets you see invisible.
   Will:      It increases your willpower.
 u - the ring "Usuenull" {rElec rF+ rC+ Will- MP+9}
   (You took it off a fire giant on level 2 of the Depths)

   [ring of magical power]

   rF:        It protects you from fire.
   rC:        It protects you from cold.
   rElec:     It insulates you from electricity.
   MP:        It affects your magic capacity (+9).
   Will:      It decreases your willpower.
 w - the ring "Waqalank" {Contam rElec rPois rF+ rN+}
   (You bought it in a shop on level 2 of the Orcish Mines)

   [ring of poison resistance]

   rF:        It protects you from fire.
   rElec:     It insulates you from electricity.
   rPois:     It protects you from poison.
   rN:        It protects you from negative energy.
   Contam:    It causes magical contamination when unequipped.
 x - the ring "Penkink" {Drain rPois Will+ rCorr Stlth-}
   (You took it off a vault warden on level 5 of the Vaults)

   [ring of willpower]

   rPois:     It protects you from poison.
   rCorr:     It protects you from acid and corrosion.
   Drain:     It drains your maximum health when unequipped.
   Will:      It increases your willpower.
   Stlth:     It makes you less stealthy.
 y - an amulet of reflection (around neck)
 B - the ring "Cuibbu" {rElec rF+ rCorr Str+2}
   (You bought it in a shop on level 15 of the Dungeon)

   [ring of protection from fire]

   Str:       It affects your strength (+2).
   rF:        It protects you from fire.
   rElec:     It insulates you from electricity.
   rCorr:     It protects you from acid and corrosion.
 Y - a +4 ring of slaying {mikee}
Scrolls
 a - 10 scrolls of teleportation
 b - a scroll of enchant weapon
 e - 17 scrolls of identify
 A - 3 scrolls of brand weapon
 F - 9 scrolls of enchant armour
Potions
 d - 3 potions of haste
 g - 19 potions of curing
 h - 4 potions of cancellation
 j - 9 potions of mutation
 l - 3 potions of resistance
 m - 7 potions of might

Dungeon Overview and Level Annotations

Branches:
Dungeon (15/15)            Temple (0/1) D:5            Lair (5/5) D:10
  Swamp (4/4) Lair:2        Snake (4/4) Lair:3        Slime (0/5) Lair:4
    Orc (2/2) D:9             Elf (0/3) Orc:2        Vaults (5/5) D:13
  Crypt (0/3) Vaults:2     Depths (4/4) D:15            Zot (1/5) Depths:4

Altars:
Cheibriados
Elyvilon
Gozag
Kikubaaqudgha
Makhleb
Okawaru
Ru
Sif Muna
Vehumet
Wu Jian
Xom
Yredelemnul
Zin
The Shining One
Jiyva
Lugonu

Shops:
D:9 *(*?   D:12 [   D:15 !(=   Orc:2 :[*=   Snake:2 **   Snake:3 !:??
Snake:4 *   Depths:4 *

Portals:
Hell: Depths:1 Depths:2 Depths:3 Depths:4
Abyss: Lair:5 Depths:2 Depths:3
Pandemonium: Depths:1 Depths:2
Ziggurat: Depths:2
Trove: Depths:3 (give 2 scrolls of acquirement)

Annotations:
D:2 1 runed translucent door, Crazy Yiuf
D:8 2 transporters, qw's ghost, novice TrCA
D:15 2 transporters
Lair:2 3 runed translucent doors, qw's ghost, journeyman TrCA
Lair:3 1 runed translucent door, qw's ghost, journeyman TrCA
Swamp:4 1 runed translucent door
Snake:1 1 runed translucent door, TuffENuff's ghost, adept FoFi
Orc:1 1 runed translucent door
Vaults:2 36 runed doors
Vaults:3 3 runed translucent doors, qw's ghost, adept MiFi
Depths:1 2 runed translucent doors
Depths:3 2 runed translucent doors, qw's ghost, veteran GrFi
Depths:4 6 runed translucent doors


Message History

The golden dragon is almost dead.
Your surroundings suddenly seem different.
A quicksilver dragon comes into view.
Enter note:
64146 ||| READING 11 scrolls of teleportation.
As you read the scroll of teleportation, it crumbles to dust.
You feel strangely unstable.
You feel the Orb delaying your translocation!
A sourceless malevolence fills the Realm of Zot... and a teleportation trap spontaneously manifests!
You are yanked towards some nearby monsters!
Your surroundings suddenly seem different. 6 draconians and a storm dragon come into view.
A yellow draconian annihilator is wielding a +0 long sword and wearing a +0 cloak of willpower.
The yellow draconian annihilator roars!
The white draconian roars!
The green draconian monk roars!
You hear a roar!
The white draconian breathes frost at you.
The blast of cold misses you.
The yellow draconian annihilator mumbles some strange words.
The yellow draconian annihilator blinks!
A black draconian comes into view.
It is wielding a +2 long sword of electrocution.
A black draconian comes into view. It is wielding a +0 dire flail.
A yellow draconian comes into view. It is wielding a +0 halberd.
The yellow draconian annihilator moves out of view.
The yellow draconian roars!
The green draconian roars!
The green draconian monk roars!
Enter note: The storm dragon roars deafeningly!
You hear a roar!
The black draconian breathes lightning at you.
The bolt of lightning hits the storm dragon.
The storm dragon completely resists.
The bolt of lightning hits you!
You hear a roar! x3
You barely miss the green draconian.
Your headbutt misses the green draconian.
You slash the yellow draconian!
A purple draconian shifter comes into view.
It is wielding a +0 short sword.
You block the green draconian's attack. The green draconian misses you.
The yellow draconian misses you.
The storm dragon breathes lightning at you.
The bolt of lightning hits you!!
You die...

.#. ... ##..# ... .d..#
.... .dq.## ..... .
#...###...q.
#..###................##
......dd..............D#
......d@................
.}......................
........................
........................
...D.##.................
....# #...#............#
#d.. ...###..........##
#.. ..## ..........##
...##.}..##


You could see a green draconian monk, a storm dragon (catching breath), 2
draconians, 2 draconians, a green draconian, a white draconian (catching breath)
and a purple draconian shifter.

Vanquished Creatures
  3 ancient liches
  2 juggernauts
  Boris (4 times) (Vaults:4 Depths:1 Depths:2 Depths:3)
  Bai Suzhen (Vaults:4)
  Vashnia (Snake:4)
  Xtahua (Vaults:4)
  6 caustic shrikes
  2 golden dragons
  A bone dragon (Depths:4)
  4 tentacled monstrosities
  Zenata (Vaults:3)
  3 quicksilver dragons (Vaults:5)
  3 titans (Vaults:5)
  10 sphinxes
  5 shadow dragons
  A thorn hunter (Swamp:2)
  3 storm dragons
  6 tengu reavers
  2 nagarajas
  5 fenstrider witches
  11 fire giants
  3 draconian knights
  An iron dragon (Vaults:5)
  10 frost giants
  14 vault wardens
  A deep elf sorcerer (Vaults:1)
  3 spectral caustic shrikes (Depths:3)
  A draconian shifter (Depths:4)
  14 ironbound preservers
  3 spriggan defenders
  3 ghouls (Swamp:3)
  A draconian annihilator (Zot:1)
  7 ironbound thunderhulks
  18 very ugly things
  19 stone giants
  2 war gargoyles
  3 eleionomae
  A black draconian (Depths:4)
  Azrael (D:15)
  6 bunyips
  A deep elf demonologist (Vaults:5)
  4 green draconians
  2 vampire knights
  2 entropy weavers
  7 purple draconians
  5 yellow draconians
  3 red draconians
  4 dire elephants
  A deep elf annihilator (Vaults:5)
  A crystal guardian (Vaults:3)
  10 fire dragons
  3 spark wasps
  4 jiangshi
  A mummy priest (Depths:1)
  Josephine (D:10)
  13 ettins
  A fire dragon (shapeshifter) (Depths:3)
  2 deep elf high priests
  Harold (D:10)
  7 great orbs of eyes
  10 ice dragons
  17 yaktaur captains
  5 salamander tyrants
  5 rakshasas
  A ghost crab (Swamp:3)
  36 vault guards
  5 ogre magi
  23 hydras
  6 ironbound frosthearts
  A catoblepas (D:11)
  4 spriggan air magi
  3 peacekeepers
  11 anacondas
  11 naga warriors
  14 centaur warriors
  8 boulder beetles
  14 two-headed ogres
  11 death yaks
  6 tengu warriors
  A death knight (Vaults:2)
  17 alligators
  A vampire mage (Depths:4)
  2 deep troll shamans
  5 deep troll earth magi
  3 thrashing horrors (Lair:5)
  7 naga sharpshooters
  2 orc high priests (Depths:1)
  2 hell knights
  Nergalle (Lair:1)
  5 spriggan berserkers
  6 shock serpents
  Sonja (Lair:4)
  6 salamander mystics
  3 iron trolls (Depths:4)
  A shadow wraith (Vaults:5)
  9 skeletal warriors
  A fire crab (Swamp:4)
  7 sun demons (Depths:1)
  30 deep trolls
  4 goliath frogs
  Lodul (D:10)
  A flayed ghost (Depths:2)
  6 bog bodies
  4 swamp dragons
  2 shadow demons (Depths:1)
  A deep elf archer (D:15)
  7 glowing orange brains
  3 spriggan druids (Swamp:2)
  An orb spider (shapeshifter) (D:13)
  3 lindwurms
  20 ironbound convokers
  4 wizards
  7 naga ritualists
  4 harpies (Vaults:3)
  5 phantasmal warriors
  9 orc knights
  3 deep elf pyromancers
  7 necromancers
  4 large abominations (Lair:5)
  A harpy (shapeshifter) (D:15)
  5 mana vipers (Snake:4)
  A deep elf zephyrmancer (D:15)
  3 will-o-the-wisps
  2 manticores (D:15)
  28 ugly things
  A shadow dragon skeleton (Vaults:1)
  A salamander (shapeshifter) (Vaults:4)
  2 moths of wrath (Zot:1)
  28 salamanders
  17 cyclopes
  A black mamba (shapeshifter) (D:14)
  43 black mambas
  11 vault sentinels
  17 naga magi
  7 guardian serpents
  14 elephants
  Joseph (D:8)
  An eye of devastation (Depths:1)
  9 cane toads
  A torpor snail (Lair:5)
  A gargoyle (D:13)
  A komodo dragon (shapeshifter) (D:15)
  A komodo dragon (Lair:4)
  An unseen horror (shapeshifter) (D:14)
  7 rime drakes
  A rime drake (shapeshifter) (D:15)
  22 yaktaurs
  4 kobold demonologists
  2 unseen horrors
  A yaktaur (shapeshifter) (D:13)
  2 ice devils (Lair:4)
  3 tengu conjurers
  An ancient zyme (Lair:5)
  A merfolk (shapeshifter) (Vaults:3)
  10 trolls
  A polar bear (Lair:4)
  A troll (shapeshifter) (Lair:5)
  A bloated husk (Swamp:4)
  A wolf spider simulacrum (D:15)
  A slime creature (shapeshifter) (Depths:4)
  A tengu simulacrum (Vaults:2)
  8 hornets
  18 tyrant leeches
  42 slime creatures
  17 dream sheep (Lair:5)
  29 blink frogs
  A jumping spider (shapeshifter) (Depths:2)
  5 wyverns
  A shadow (D:11)
  9 spriggans
  A culicivora (shapeshifter) (Lair:5)
  3 ynoxinuls (Lair:5)
  3 fire bats (Lair:2)
  8 wraiths
  7 basilisks
  28 yaks
  2 fire elementals
  A human (shapeshifter) (Lair:5)
  6 vampire mosquitoes
  A chaos spawn (Lair:5)
  4 redbacks
  7 steam dragons
  2 yaktaur simulacra
  A warg (shapeshifter) (D:13)
  49 nagas
  2 acid dragons (D:12)
  A swamp worm (shapeshifter) (Vaults:5)
  A naga (shapeshifter) (Vaults:5)
  7 wargs
  3 hell hounds
  16 swamp worms
  3 floating eyes
  8 small abominations (Lair:5)
  16 water moccasins
  3 sky beasts
  7 swamp drakes
  2 ice beasts
  22 orc warriors
  A black bear (shapeshifter) (D:15)
  2 black bears (D:6)
  An elf simulacrum (Vaults:2)
  4 boggarts
  32 ogres
  3 wolves (Lair:4)
  13 centaurs
  2 kobold brigands
  11 bullfrogs
  A glowing shapeshifter simulacrum (Vaults:1)
  2 necrophages
  An ogre simulacrum (Vaults:1)
  5 scorpions
  A gnoll sergeant (D:11)
  A human skeleton (Vaults:1)
  7 wights
  A human simulacrum (Vaults:2)
  12 killer bees
  5 electric eels
  A lava snake (Swamp:4)
  6 howler monkeys
  2 jellies
  3 hounds
  15 orc priests
  An iguana (D:5)
  19 orc wizards
  2 polar bear simulacra (Lair:2)
  4 yak simulacra (Lair:2)
  3 wolf simulacra (Lair:2)
  Robin (D:2)
  11 adders
  9 gnolls
  2 shadow imps (D:8)
  A white imp (D:7)
  2 ufetubi
  3 worms
  5 dart slugs
  85 orcs
  6 ball pythons
  6 endoplasms
  4 giant cockroaches
  15 goblins
  9 hobgoblins
  15 jackals
  A quokka (D:4)
  2 bats
  A frilled lizard (D:1)
  14 kobolds
  2 rats
  2 river rat simulacra (Lair:2)
  A bush (Lair:1)
1616 creatures vanquished.

Vanquished Creatures (collateral kills)
  A tentacled monstrosity (Swamp:4)
  Rupert (Lair:5)
  A titan (Vaults:5)
  Donald (Vaults:1)
  A fire giant (Vaults:5)
  Aizul (Vaults:2)
  A war gargoyle (Vaults:5)
  A purple draconian (Depths:4)
  3 ettins
  A great orb of eyes (Vaults:1)
  A salamander tyrant (Snake:4)
  A yaktaur captain (Vaults:2)
  2 hydras
  A boulder beetle (D:11)
  An anaconda (shapeshifter) (Vaults:5)
  2 two-headed ogres
  A naga warrior (Snake:4)
  A death yak (Lair:2)
  A deep troll shaman (Depths:3)
  A tengu warrior (Depths:1)
  2 deep troll earth magi (Depths:3)
  2 hell knights (Depths:1)
  A sun demon (Depths:1)
  A deep troll (Depths:3)
  2 iron trolls (Depths:3)
  An ironbound convoker (Vaults:1)
  A phantasmal warrior (Vaults:5)
  An elephant (Lair:5)
  A vault sentinel (Vaults:5)
  A torpor snail (Lair:2)
  2 blink frogs (Lair:3)
  3 dream sheep (Lair:5)
  A basilisk (D:11)
  A naga (Snake:4)
  A hell hound (D:15)
  An ogre (Orc:2)
46 creatures vanquished.

Vanquished Creatures (others)
  An angel (D:9)
  A salamander mystic (Depths:4)
  A goliath frog (Swamp:2)
  2 lindwurms (Swamp:4)
  2 bloated husks (Swamp:2)
  A hornet (Swamp:2)
  A steam dragon (Swamp:4)
  3 swamp drakes (Swamp:4)
  A boggart (Depths:1)
  A briar patch (Swamp:2)
  4 bushes (Depths:2)
  8 foxfires
  12 fungi
  37 plants
75 creatures vanquished.

Grand Total: 1737 creatures vanquished

Notes
Turn   | Place    | Note
-------+----------+-------------------------------------------
     0 | D:1      | qw the Minotaur Berserker began the quest for the Orb.
     0 | D:1      | Reached XP level 1. HP: 19/19 MP: 0/0
     0 | D:1      | 0 ||| qw: Version: 0.1-a-116-g5d60599
     0 | D:1      | 0 ||| qw: Game counter: 7441
     0 | D:1      | 0 ||| qw: Always use a shield: true
     0 | D:1      | 0 ||| qw: Do Orc after D:15 true
     0 | D:1      | 0 ||| qw: Do second Lair branch before Depths: true
     0 | D:1      | 0 ||| qw: Lair rune preference: random
     0 | D:1      | 0 ||| qw: Plans: Normal
     0 | D:1      | 0 ||| PLANNING D:1-11
   125 | D:1      | 125 ||| INVOKING Berserk.
   131 | D:1      | Reached XP level 2. HP: 13/26 MP: 1/1
   139 | D:1      | 139 ||| Stepping ~*~*~tactically~*~*~ (stealth).
   144 | D:1      | 144 ||| Stepping ~*~*~tactically~*~*~ (stealth).
   366 | D:1      | Found a faded altar of an unknown god.
   368 | D:1      | 368 ||| Stepping ~*~*~tactically~*~*~ (hiding).
   470 | D:1      | 470 ||| Stepping ~*~*~tactically~*~*~ (hiding).
   572 | D:1      | 572 ||| Stepping ~*~*~tactically~*~*~ (hiding).
   764 | D:1      | 764 ||| Stepping ~*~*~tactically~*~*~ (stealth).
   778 | D:1      | 778 ||| Stepping ~*~*~tactically~*~*~ (stealth).
   782 | D:1      | 782 ||| Stepping ~*~*~tactically~*~*~ (stealth).
   783 | D:1      | 783 ||| Stepping ~*~*~tactically~*~*~ (stealth).
   821 | D:1      | 821 ||| Stepping ~*~*~tactically~*~*~ (stealth).
   825 | D:1      | 825 ||| Stepping ~*~*~tactically~*~*~ (stealth).
  1048 | D:1      | Reached XP level 3. HP: 31/31 MP: 2/2
  1488 | D:1      | 1488 ||| UPGRADING to +0 ring mail.
  1498 | D:1      | 1498 ||| DROPPING +0 animal skin.
  1499 | D:1      | 1499 ||| READING 2 scrolls labelled UFAM UMALOEZOG.
  1503 | D:1      | 1503 ||| READING 2 scrolls labelled MOKONO BIUMM.
  1504 | D:1      | 1504 ||| READING scroll labelled ZOJEME NAJAD.
  1523 | D:2      | 1523 ||| INVOKING Berserk.
  1525 | D:2      | Reached skill level 1 in Throwing
  1588 | D:2      | 1588 ||| Stepping ~*~*~tactically~*~*~ (stealth).
  1592 | D:2      | 1592 ||| Stepping ~*~*~tactically~*~*~ (stealth).
  1597 | D:2      | 1597 ||| Stepping ~*~*~tactically~*~*~ (stealth).
  1599 | D:2      | 1599 ||| Stepping ~*~*~tactically~*~*~ (stealth).
  1601 | D:2      | 1601 ||| STAIRDANCE
  1706 | D:2      | Reached ** piety under Trog
  1897 | D:2      | Noticed Robin
  1898 | D:2      | 1898 ||| Stepping ~*~*~tactically~*~*~ (hiding).
  1899 | D:2      | 1899 ||| Stepping ~*~*~tactically~*~*~ (hiding).
  1903 | D:2      | 1903 ||| INVOKING Berserk.
  1904 | D:2      | 1904 ||| INVOKING Berserk.
  1907 | D:2      | Killed Robin
  1910 | D:2      | Reached XP level 4. HP: 39/39 MP: 3/3
  2121 | D:2      | Found a runed translucent door.
  2122 | D:2      | Noticed Crazy Yiuf
  2750 | D:2      | 2750 ||| READING scroll labelled TOWITH SEOM.
  2751 | D:2      | 2751 ||| READING scroll labelled MYIRHYZEOH.
  2752 | D:2      | 2752 ||| DRINKING 2 viscous emerald potions.
  2753 | D:2      | 2753 ||| DRINKING 2 amethyst potions.
  2754 | D:2      | 2754 ||| DRINKING 2 purple potions.
  2755 | D:2      | 2755 ||| DRINKING 2 orange potions.
  2756 | D:2      | 2756 ||| READING 3 scrolls of identify.
  2756 | D:2      | 2756 ||| IDENTIFYING glowing puce potion
  2757 | D:2      | 2757 ||| READING 2 scrolls of identify.
  2757 | D:2      | 2757 ||| IDENTIFYING silvery potion
  2758 | D:2      | 2758 ||| DROPPING potion of degeneration.
  2759 | D:2      | 2759 ||| DROPPING potion of lignification.
  2760 | D:2      | 2760 ||| DROPPING potion of ambrosia.
  2761 | D:2      | 2761 ||| DROPPING potion of brilliance.
  2803 | D:3      | Reached skill level 6 in Axes
  2846 | D:3      | 2846 ||| INVOKING Berserk.
  2852 | D:3      | Reached XP level 5. HP: 45/45 MP: 4/4
  2966 | D:3      | 2966 ||| DROPPING +0 whip.
  3239 | D:3      | 3239 ||| Stepping ~*~*~tactically~*~*~ (stealth).
  3240 | D:3      | 3240 ||| Stepping ~*~*~tactically~*~*~ (stealth).
  3241 | D:3      | 3241 ||| Stepping ~*~*~tactically~*~*~ (stealth).
  3248 | D:3      | 3248 ||| Stepping ~*~*~tactically~*~*~ (stealth).
  3255 | D:3      | 3255 ||| Stepping ~*~*~tactically~*~*~ (stealth).
  3256 | D:3      | 3256 ||| Stepping ~*~*~tactically~*~*~ (stealth).
  3257 | D:3      | 3257 ||| Stepping ~*~*~tactically~*~*~ (stealth).
  3260 | D:3      | Reached skill level 4 in Fighting
  3267 | D:3      | 3267 ||| FLEEEEING.
  3269 | D:3      | 3269 ||| FLEEEEING.
  3270 | D:3      | 3270 ||| FLEEEEING.
  3271 | D:3      | 3271 ||| FLEEEEING.
  3272 | D:3      | 3272 ||| FLEEEEING.
  3458 | D:3      | Found a basalt altar of Yredelemnul.
  3781 | D:3      | Found a white marble altar of Elyvilon.
  3788 | D:3      | 3788 ||| UPGRADING to +0 scale mail.
  3798 | D:3      | 3798 ||| DROPPING +0 ring mail.
  3799 | D:3      | 3799 ||| UPGRADING to +4 ring of slaying {mikee}.
  3800 | D:3      | 3800 ||| READING scroll labelled MANICA VAVI.
  3801 | D:3      | 3801 ||| READING scroll labelled TOCA CUUTO.
  3802 | D:3      | 3802 ||| READING 2 scrolls of identify.
  3802 | D:3      | 3802 ||| IDENTIFYING puce potion
  3803 | D:3      | 3803 ||| DROPPING potion of magic.
  3804 | D:3      | 3804 ||| READING 3 scrolls of teleportation.
  3831 | D:4      | 3831 ||| PLANNING OSSUARY
  3839 | D:4      | Reached XP level 6. HP: 51/52 MP: 5/5
  3881 | D:4      | 3881 ||| DROPPING +1 mace of draining.
  4157 | D:4      | Found an opulent altar of Gozag.
  4157 | D:4      | Found a glowing golden altar of the Shining One.
  4441 | D:4      | 4441 ||| UPGRADING to +1 scale mail of positive energy.
  4451 | D:4      | 4451 ||| DROPPING +0 scale mail.
  4452 | D:4      | 4452 ||| READING scroll labelled DOFULO FASUD.
  4453 | D:4      | 4453 ||| READING 2 scrolls of identify.
  4453 | D:4      | 4453 ||| IDENTIFYING coppery potion
  4454 | D:4      | 4454 ||| DROPPING potion of attraction.
  4576 | D:4      | 4576 ||| RIP OSSUARY
  4577 | D:4      | 4577 ||| PLANNING D:1-11
  4579 | D:4      | Identified the +5 quarterstaff "Kuugh" {flame, Will+ Int+4}
  4777 | D:4      | Reached *** piety under Trog
  4972 | D:4      | 4972 ||| UPGRADING to +0 chain mail.
  4982 | D:4      | 4982 ||| DROPPING +1 scale mail of positive energy.
  4983 | D:4      | 4983 ||| READING scroll labelled BYDEOS HUJA.
  5039 | D:5      | Entered Level 5 of the Dungeon
  5040 | D:5      | Found a staircase to the Ecumenical Temple.
  5059 | D:5      | 5059 ||| Stepping ~*~*~tactically~*~*~ (hiding).
  5063 | D:5      | 5063 ||| INVOKING Berserk.
  5070 | D:5      | Reached skill level 9 in Axes
  5078 | D:5      | 5078 ||| Stepping ~*~*~tactically~*~*~ (stealth).
  5242 | D:5      | Reached skill level 5 in Fighting
  5242 | D:5      | Reached XP level 7. HP: 61/61 MP: 6/6
  5252 | D:5      | 5252 ||| INVOKING Berserk.
  5390 | D:5      | Reached skill level 3 in Armour
  5420 | D:5      | 5420 ||| Stepping ~*~*~tactically~*~*~ (stealth).
  5422 | D:5      | 5422 ||| Stepping ~*~*~tactically~*~*~ (stealth).
  5465 | D:5      | 5465 ||| SWAPPING to +0 war axe.
  5466 | D:5      | 5466 ||| DROPPING +1 hand axe.
  5735 | D:5      | 5735 ||| DRINKING 3 potions of curing.
  5735 | D:5      | 5735 ||| (to cure confusion)
  5740 | D:5      | 5740 ||| INVOKING Berserk.
  5851 | D:5      | 5851 ||| DROPPING +0 flail of holy wrath.
  5876 | D:5      | 5876 ||| Stepping ~*~*~tactically~*~*~ (stealth).
  5878 | D:5      | 5878 ||| Stepping ~*~*~tactically~*~*~ (stealth).
  5881 | D:5      | 5881 ||| INVOKING Berserk.
  6192 | D:5      | 6192 ||| DROPPING amulet of faith.
  6193 | D:5      | 6193 ||| READING scroll labelled TEOJOCUD SUNE.
  6194 | D:5      | 6194 ||| READING scroll labelled KUK DESOGOS.
  6195 | D:5      | 6195 ||| DRINKING 3 fuming golden potions.
  6300 | D:5      | 6300 ||| READING 2 scrolls of identify.
  6300 | D:5      | 6300 ||| IDENTIFYING bubbling blue potion
  6301 | D:5      | 6301 ||| DROPPING 2 potions of berserk rage.
  6393 | D:6      | 6393 ||| Stepping ~*~*~tactically~*~*~ (stealth).
  6413 | D:6      | Found an ornate altar of the Wu Jian Council.
  6414 | D:6      | Found a shimmering blue altar of Sif Muna.
  6458 | D:6      | Reached skill level 6 in Fighting
  6458 | D:6      | Reached XP level 8. HP: 42/71 MP: 7/7
  6620 | D:6      | 6620 ||| Stepping ~*~*~tactically~*~*~ (stealth).
  6621 | D:6      | 6621 ||| Stepping ~*~*~tactically~*~*~ (stealth).
  6623 | D:6      | 6623 ||| Stepping ~*~*~tactically~*~*~ (stealth).
  6624 | D:6      | 6624 ||| Stepping ~*~*~tactically~*~*~ (stealth).
  6691 | D:6      | 6691 ||| INVOKING Berserk.
  6858 | D:6      | 6858 ||| READING scroll of enchant weapon.
  6858 | D:6      | 6858 ||| ENCHANTING +0 war axe.
  6886 | D:6      | Found a sacrificial altar of Ru.
  6889 | D:6      | 6889 ||| UPGRADING to +0 plate armour.
  6891 | D:6      | 6891 ||| UPGRADING to +0 plate armour.
  6895 | D:6      | 6895 ||| INVOKING Berserk.
  6941 | D:6      | 6941 ||| FLEEEEING.
  6942 | D:6      | 6942 ||| FLEEEEING.
  6943 | D:6      | 6943 ||| FLEEEEING.
  6944 | D:6      | 6944 ||| FLEEEEING.
  6946 | D:6      | 6946 ||| FLEEEEING.
  6947 | D:6      | 6947 ||| FLEEEEING.
  6949 | D:6      | 6949 ||| FLEEEEING.
  6952 | D:6      | 6952 ||| UPGRADING to +0 plate armour.
  6957 | D:6      | 6957 ||| INVOKING Berserk.
  6960 | D:6      | Reached skill level 3 in Dodging
  6999 | D:6      | 6999 ||| UPGRADING to +0 plate armour.
  7004 | D:6      | 7004 ||| DROPPING +0 chain mail.
  7151 | D:6      | 7151 ||| INVOKING Berserk.
  7797 | D:7      | 7797 ||| Stepping ~*~*~tactically~*~*~ (cloud).
  7800 | D:7      | 7800 ||| INVOKING Berserk.
  8213 | D:7      | Reached XP level 9. HP: 75/78 MP: 8/8
  8310 | D:7      | 8310 ||| Stepping ~*~*~tactically~*~*~ (stealth).
  8331 | D:7      | Reached skill level 12 in Axes
  8465 | D:7      | 8465 ||| READING scroll of enchant armour.
  8465 | D:7      | 8465 ||| ENCHANTING +0 plate armour.
  8508 | D:7      | 8508 ||| Stepping ~*~*~tactically~*~*~ (stealth).
  8512 | D:7      | Reached skill level 7 in Fighting
  8593 | D:7      | 8593 ||| Stepping ~*~*~tactically~*~*~ (stealth).
  8991 | D:7      | 8991 ||| READING scroll labelled ESCHIOC TUBAA.
  8992 | D:7      | 8992 ||| READING 2 scrolls of identify.
  8992 | D:7      | 8992 ||| IDENTIFYING ruby potion
  9095 | D:8      | Noticed a two-headed ogre
  9099 | D:8      | 9099 ||| Stepping ~*~*~tactically~*~*~ (hiding).
  9100 | D:8      | 9100 ||| INVOKING Berserk.
  9103 | D:8      | Killed a two-headed ogre
  9105 | D:8      | Reached skill level 6 in Armour
  9114 | D:8      | 9114 ||| Stepping ~*~*~tactically~*~*~ (hiding).
  9329 | D:8      | Noticed Joseph
  9330 | D:8      | 9330 ||| Stepping ~*~*~tactically~*~*~ (hiding).
  9341 | D:8      | Killed Joseph
  9342 | D:8      | Reached skill level 8 in Fighting
  9516 | D:8      | 9516 ||| SWAPPING to +2 war axe of freezing.
  9517 | D:8      | 9517 ||| DROPPING +1 war axe.
  9523 | D:8      | 9523 ||| Stepping ~*~*~tactically~*~*~ (hiding).
  9667 | D:8      | 9667 ||| Stepping ~*~*~tactically~*~*~ (stealth).
  9684 | D:8      | Reached XP level 10. HP: 89/90 MP: 9/9
  9706 | D:8      | Found a transporter.
  9707 | D:8      | Noticed qw's ghost (novice TrCA)
  9708 | D:8      | Found a transporter.
  9854 | D:8      | 9854 ||| Stepping ~*~*~tactically~*~*~ (stealth).
  9936 | D:8      | Reached **** piety under Trog
  9965 | D:8      | 9965 ||| Stepping ~*~*~tactically~*~*~ (stealth).
 10601 | D:8      | 10601 ||| UPGRADING to +6 ring of strength.
 10602 | D:8      | 10602 ||| READING 2 scrolls of identify.
 10602 | D:8      | 10602 ||| IDENTIFYING grey potion
 10773 | D:9      | Found Taalijig's Assorted Antiques.
 10781 | D:9      | 10781 ||| BUYING diamond-encrusted chain mail (256 gold).
 10781 | D:9      | Bought a diamond-encrusted chain mail for 256 gold pieces
 10781 | D:9      | Identified the +5 chain mail of Dim Light {rElec rN+} (You
                  | bought it in a shop on level 9 of the Dungeon)
 10781 | D:9      | 10781 ||| BUYING potion of curing (81 gold).
 10781 | D:9      | Bought a potion of curing for 81 gold pieces
 10781 | D:9      | 10781 ||| BUYING scroll labelled DALO IKKUIH (27 gold).
 10781 | D:9      | Bought a scroll labelled DALO IKKUIH for 27 gold pieces
 10781 | D:9      | 10781 ||| SHOPLISTING scroll of teleportation (81 gold,
                  | have 8).
 10838 | D:9      | 10838 ||| Stepping ~*~*~tactically~*~*~ (stealth).
 10840 | D:9      | 10840 ||| Stepping ~*~*~tactically~*~*~ (stealth).
 10844 | D:9      | Reached skill level 15 in Axes
 10844 | D:9      | 10844 ||| Stepping ~*~*~tactically~*~*~ (stealth).
 10845 | D:9      | 10845 ||| Stepping ~*~*~tactically~*~*~ (stealth).
 10856 | D:9      | Reached skill level 9 in Fighting
 10948 | D:9      | Found Muehaed's Magic Scroll Shop.
 10958 | D:9      | 10958 ||| SHOPLISTING scroll of brand weapon (123 gold,
                  | have 38).
 10958 | D:9      | 10958 ||| BUYING scroll of identify (26 gold).
 10958 | D:9      | Bought a scroll of identify for 26 gold pieces
 10969 | D:9      | Noticed an angel
 10970 | D:9      | Found a shimmering altar of Xom.
 10970 | D:9      | Found a glowing silver altar of Zin.
 11044 | D:9      | 11044 ||| Stepping ~*~*~tactically~*~*~ (stealth).
 11046 | D:9      | 11046 ||| Stepping ~*~*~tactically~*~*~ (stealth).
 11048 | D:9      | 11048 ||| Stepping ~*~*~tactically~*~*~ (stealth).
 11053 | D:9      | 11053 ||| Stepping ~*~*~tactically~*~*~ (stealth).
 11057 | D:9      | 11057 ||| Stepping ~*~*~tactically~*~*~ (stealth).
 11148 | D:9      | Killed an angel
 11205 | D:9      | Found Ykhluvenaq's General Store.
 11213 | D:9      | 11213 ||| SHOPLISTING amulet of reflection (420 gold, have
                  | 12).
 11213 | D:9      | 11213 ||| SHOPLISTING potion of heal wounds (70 gold, have
                  | 12).
 11248 | D:9      | Found Aleeches's Antique Weapon Emporium.
 11261 | D:9      | 11261 ||| INVOKING Berserk.
 11316 | D:9      | 11316 ||| SHOPLISTING polished war axe (246 gold, have 27).
 11408 | D:9      | 11408 ||| Stepping ~*~*~tactically~*~*~ (hiding).
 11409 | D:9      | 11409 ||| Stepping ~*~*~tactically~*~*~ (hiding).
 11410 | D:9      | 11410 ||| Stepping ~*~*~tactically~*~*~ (hiding).
 11549 | D:9      | 11549 ||| READING scroll of enchant weapon.
 11549 | D:9      | 11549 ||| ENCHANTING +2 war axe of freezing.
 11629 | D:9      | Found Naitt's Assorted Antiques.
 11661 | D:9      | 11661 ||| Stepping ~*~*~tactically~*~*~ (hiding).
 11662 | D:9      | 11662 ||| Stepping ~*~*~tactically~*~*~ (hiding).
 11838 | D:9      | Found a staircase to the Orcish Mines.
 11900 | D:9      | 11900 ||| UPGRADING to +5 chain mail of Dim Light {rElec
                  | rN+}.
 11910 | D:9      | 11910 ||| DROPPING +1 plate armour.
 11911 | D:9      | 11911 ||| UPGRADING to +0 pair of gloves.
 11916 | D:9      | 11916 ||| UPGRADING to +2 cloak.
 11921 | D:9      | 11921 ||| DROPPING ring of positive energy.
 11922 | D:9      | 11922 ||| READING scroll labelled DALO IKKUIH.
 11923 | D:9      | 11923 ||| READING scroll labelled LOGYKHL HOHAI.
 11924 | D:9      | 11924 ||| READING 4 scrolls of identify.
 11924 | D:9      | 11924 ||| IDENTIFYING fuming coppery potion
 11925 | D:9      | 11925 ||| READING 3 scrolls of identify.
 11925 | D:9      | 11925 ||| IDENTIFYING fizzy black potion
 11977 | D:10     | Entered Level 10 of the Dungeon
 11989 | D:10     | 11989 ||| Stepping ~*~*~tactically~*~*~ (hiding).
 11995 | D:10     | 11995 ||| Stepping ~*~*~tactically~*~*~ (hiding).
 12114 | D:10     | Noticed an orc knight
 12118 | D:10     | 12118 ||| INVOKING Berserk.
 12122 | D:10     | Killed an orc knight
 12123 | D:10     | Reached skill level 3 in Throwing
 12295 | D:10     | 12295 ||| INVOKING Berserk.
 12301 | D:10     | Reached XP level 11. HP: 99/99 MP: 10/10
 12422 | D:10     | 12422 ||| INVOKING Berserk.
 12424 | D:10     | Reached skill level 10 in Fighting
 12590 | D:10     | 12590 ||| INVOKING Berserk.
 12730 | D:10     | 12730 ||| Stepping ~*~*~tactically~*~*~ (stealth).
 12761 | D:10     | Noticed Lodul
 12762 | D:10     | 12762 ||| Stepping ~*~*~tactically~*~*~ (hiding).
 12763 | D:10     | 12763 ||| Stepping ~*~*~tactically~*~*~ (hiding).
 12765 | D:10     | 12765 ||| Stepping ~*~*~tactically~*~*~ (hiding).
 12766 | D:10     | 12766 ||| Stepping ~*~*~tactically~*~*~ (hiding).
 12771 | D:10     | 12771 ||| Stepping ~*~*~tactically~*~*~ (stealth).
 12780 | D:10     | 12780 ||| INVOKING Berserk.
 12781 | D:10     | Killed Lodul
 12799 | D:10     | Noticed Josephine
 12800 | D:10     | 12800 ||| Stepping ~*~*~tactically~*~*~ (stealth).
 12801 | D:10     | 12801 ||| Stepping ~*~*~tactically~*~*~ (stealth).
 12813 | D:10     | 12813 ||| Stepping ~*~*~tactically~*~*~ (stealth).
 12814 | D:10     | 12814 ||| Stepping ~*~*~tactically~*~*~ (stealth).
 12838 | D:10     | Killed Josephine
 12926 | D:10     | 12926 ||| FLEEEEING.
 12927 | D:10     | 12927 ||| FLEEEEING.
 12945 | D:10     | 12945 ||| FLEEEEING.
 12947 | D:10     | 12947 ||| FLEEEEING.
 12948 | D:10     | 12948 ||| FLEEEEING.
 12949 | D:10     | 12949 ||| FLEEEEING.
 12950 | D:10     | 12950 ||| STAIRDANCE
 13024 | D:9      | 13024 ||| UPGRADING to +0 pair of boots.
 13029 | D:9      | 13029 ||| DROPPING ring of willpower.
 13032 | D:10     | 13032 ||| INVOKING Berserk.
 13034 | D:10     | Reached skill level 11 in Fighting
 13056 | D:10     | 13056 ||| STAIRDANCE
 13243 | D:10     | Noticed Harold
 13244 | D:10     | 13244 ||| INVOKING Berserk.
 13250 | D:10     | Killed Harold
 13251 | D:10     | Reached skill level 9 in Armour
 13619 | D:10     | 13619 ||| Stepping ~*~*~tactically~*~*~ (hiding).
 13626 | D:10     | 13626 ||| INVOKING Berserk.
 13776 | D:10     | Found a staircase to the Lair.
 13839 | D:10     | 13839 ||| PLANNING LAIR
 13851 | Lair:1   | Entered Level 1 of the Lair of Beasts
 13874 | Lair:1   | 13874 ||| INVOKING Berserk.
 14061 | Lair:1   | 14061 ||| Stepping ~*~*~tactically~*~*~ (stealth).
 14062 | Lair:1   | Noticed Nergalle
 14063 | Lair:1   | 14063 ||| Stepping ~*~*~tactically~*~*~ (hiding).
 14064 | Lair:1   | 14064 ||| Stepping ~*~*~tactically~*~*~ (stealth).
 14070 | Lair:1   | 14070 ||| INVOKING Berserk.
 14077 | Lair:1   | Killed Nergalle
 14078 | Lair:1   | Reached skill level 12 in Fighting
 14082 | Lair:1   | Found a radiant altar of Vehumet.
 14275 | Lair:1   | 14275 ||| INVOKING Berserk.
 14572 | Lair:1   | Reached ***** piety under Trog
 14955 | Lair:1   | 14955 ||| DROPPING amulet of magic regeneration.
 14974 | Lair:2   | Found a runed translucent gate.
 14974 | Lair:2   | Found a runed translucent gate.
 14981 | Lair:2   | 14981 ||| Stepping ~*~*~tactically~*~*~ (stealth).
 14982 | Lair:2   | 14982 ||| Stepping ~*~*~tactically~*~*~ (stealth).
 14984 | Lair:2   | 14984 ||| Stepping ~*~*~tactically~*~*~ (stealth).
 14994 | Lair:2   | Reached XP level 12. HP: 101/113 MP: 11/11
 15006 | Lair:2   | 15006 ||| FLEEEEING.
 15007 | Lair:2   | 15007 ||| FLEEEEING.
 15008 | Lair:2   | 15008 ||| FLEEEEING.
 15009 | Lair:2   | 15009 ||| FLEEEEING.
 15010 | Lair:2   | 15010 ||| STAIRDANCE
 15059 | Lair:2   | Reached skill level 13 in Fighting
 15066 | Lair:2   | Found a staircase to the Swamp.
 15091 | Lair:2   | Noticed a death yak
 15092 | Lair:2   | 15092 ||| INVOKING Brothers in Arms.
 15093 | Lair:2   | 15093 ||| INVOKING Berserk.
 15094 | Lair:2   | Killed a death yak
 15270 | Lair:2   | 15270 ||| Stepping ~*~*~tactically~*~*~ (hiding).
 15278 | Lair:2   | Reached skill level 6 in Throwing
 15300 | Lair:2   | Found a dark tunnel.
 15466 | Lair:2   | Found a runed translucent gate.
 15596 | Lair:2   | 15596 ||| Stepping ~*~*~tactically~*~*~ (hiding).
 15728 | Lair:2   | Noticed qw's ghost (journeyman TrCA)
 15735 | Lair:2   | 15735 ||| READING 2 scrolls labelled ZANNUVA WEOKH.
 15735 | Lair:2   | Identified 2 scrolls of acquirement
 15735 | Lair:2   | 15735 ||| ACQUIRING +0 kite shield of positive energy
 15735 | Lair:2   | Acquired a +0 kite shield of positive energy
 15737 | Lair:2   | 15737 ||| UPGRADING to +0 kite shield of positive energy.
 15742 | Lair:2   | 15742 ||| READING scroll of acquirement.
 15742 | Lair:2   | 15742 ||| ACQUIRING 948 gold pieces
 15742 | Lair:2   | Acquired 948 gold pieces
 15775 | Lair:3   | 15775 ||| INVOKING Berserk.
 15780 | Lair:3   | Reached skill level 1 in Shields
 15783 | Lair:3   | 15783 ||| INVOKING Brothers in Arms.
 15787 | Lair:3   | Reached skill level 3 in Shields
 15797 | Lair:3   | 15797 ||| Stepping ~*~*~tactically~*~*~ (water).
 15956 | Lair:3   | Found a runed translucent door.
 15956 | Lair:3   | Noticed qw's ghost (journeyman TrCA)
 15974 | Lair:3   | 15974 ||| Stepping ~*~*~tactically~*~*~ (hiding).
 16130 | Lair:3   | Noticed an eight-headed hydra
 16131 | Lair:3   | 16131 ||| INVOKING Brothers in Arms.
 16133 | Lair:3   | 16133 ||| SWAPPING to +0 morningstar.
 16134 | Lair:3   | 16134 ||| INVOKING Berserk.
 16136 | Lair:3   | Killed an eight-headed hydra
 16137 | Lair:3   | Reached skill level 6 in Shields
 16141 | Lair:3   | 16141 ||| SWAPPING to +3 war axe of electrocution.
 16269 | Lair:3   | 16269 ||| READING scroll of brand weapon.
 16269 | Lair:3   | 16269 ||| BRANDING +3 war axe of electrocution.
 16270 | Lair:3   | 16270 ||| DROPPING +0 morningstar.
 16368 | Lair:3   | Noticed an eight-headed hydra
 16372 | Lair:3   | 16372 ||| INVOKING Berserk.
 16374 | Lair:3   | Killed a seven-headed hydra
 16636 | Lair:3   | Noticed a boulder beetle
 16640 | Lair:3   | 16640 ||| INVOKING Berserk.
 16642 | Lair:3   | Killed a boulder beetle
 16815 | Lair:3   | Found a staircase to the Snake Pit.
 16984 | Lair:3   | 16984 ||| DRINKING 3 potions of cancellation.
 17176 | Lair:3   | 17176 ||| DROPPING +6 ring of dexterity.
 17177 | Lair:3   | 17177 ||| DROPPING ring of protection from cold.
 17178 | Lair:3   | 17178 ||| DROPPING ring of ice.
 17191 | Lair:4   | 17191 ||| INVOKING Berserk.
 17195 | Lair:4   | Reached skill level 9 in Shields
 17199 | Lair:4   | 17199 ||| STAIRDANCE
 17346 | Lair:4   | 17346 ||| INVOKING Berserk.
 17532 | Lair:4   | Found a staircase to the Slime Pits.
 17532 | Lair:4   | Found a viscous altar of Jiyva.
 17568 | Lair:4   | Noticed a death yak
 17569 | Lair:4   | 17569 ||| INVOKING Brothers in Arms.
 17573 | Lair:4   | Noticed a death yak
 17574 | Lair:4   | Noticed a death yak
 17581 | Lair:4   | Noticed a death yak
 17595 | Lair:4   | 17595 ||| INVOKING Berserk.
 17597 | Lair:4   | Killed a death yak
 17598 | Lair:4   | Reached XP level 13. HP: 122/122 MP: 12/12
 17726 | Lair:4   | 17726 ||| Stepping ~*~*~tactically~*~*~ (stealth).
 17779 | Lair:4   | 17779 ||| Stepping ~*~*~tactically~*~*~ (stealth).
 17855 | Lair:4   | 17855 ||| Stepping ~*~*~tactically~*~*~ (stealth).
 17856 | Lair:4   | 17856 ||| Stepping ~*~*~tactically~*~*~ (stealth).
 17857 | Lair:4   | 17857 ||| Stepping ~*~*~tactically~*~*~ (stealth).
 17859 | Lair:4   | 17859 ||| INVOKING Berserk.
 18006 | Lair:4   | 18006 ||| Stepping ~*~*~tactically~*~*~ (stealth).
 18012 | Lair:4   | Reached skill level 12 in Shields
 18101 | Lair:4   | Noticed Sonja
 18102 | Lair:4   | 18102 ||| INVOKING Brothers in Arms.
 18106 | Lair:4   | Killed Sonja
 18115 | Lair:4   | 18115 ||| INVOKING Berserk.
 18271 | Lair:4   | 18271 ||| READING scroll of enchant armour.
 18271 | Lair:4   | 18271 ||| ENCHANTING +0 pair of gloves.
 18315 | Lair:4   | 18315 ||| INVOKING Berserk.
 18655 | Lair:4   | 18655 ||| READING 8 scrolls of identify.
 18655 | Lair:4   | 18655 ||| IDENTIFYING pink potion
 18656 | Lair:4   | 18656 ||| DROPPING potion of flight.
 18669 | Lair:5   | Entered Level 5 of the Lair of Beasts
 18686 | Lair:5   | Reached skill level 6 in Dodging
 18739 | Lair:5   | 18739 ||| INVOKING Berserk.
 18902 | Lair:5   | 18902 ||| INVOKING Berserk.
 18918 | Lair:5   | Reached skill level 14 in Fighting
 19067 | Lair:5   | 19067 ||| FLEEEEING.
 19068 | Lair:5   | 19068 ||| FLEEEEING.
 19069 | Lair:5   | 19069 ||| FLEEEEING.
 19070 | Lair:5   | 19070 ||| FLEEEEING.
 19071 | Lair:5   | 19071 ||| FLEEEEING.
 19072 | Lair:5   | 19072 ||| FLEEEEING.
 19073 | Lair:5   | 19073 ||| FLEEEEING.
 19074 | Lair:5   | 19074 ||| FLEEEEING.
 19075 | Lair:5   | 19075 ||| FLEEEEING.
 19076 | Lair:5   | 19076 ||| FLEEEEING.
 19077 | Lair:5   | 19077 ||| FLEEEEING.
 19078 | Lair:5   | 19078 ||| FLEEEEING.
 19079 | Lair:5   | 19079 ||| FLEEEEING.
 19080 | Lair:5   | 19080 ||| FLEEEEING.
 19081 | Lair:5   | 19081 ||| FLEEEEING.
 19082 | Lair:5   | 19082 ||| FLEEEEING.
 19163 | Lair:5   | 19163 ||| INVOKING Berserk.
 19316 | Lair:5   | Reached skill level 15 in Fighting
 19318 | Lair:5   | Reached XP level 14. HP: 124/135 MP: 13/13
 19429 | Lair:5   | 19429 ||| Stepping ~*~*~tactically~*~*~ (stealth).
 19485 | Lair:5   | 19485 ||| DRINKING 2 potions of cancellation.
 19562 | Lair:5   | 19562 ||| Stepping ~*~*~tactically~*~*~ (stealth).
 19582 | Lair:5   | Reached skill level 12 in Armour
 19628 | Lair:5   | 19628 ||| Stepping ~*~*~tactically~*~*~ (stealth).
 19817 | Lair:5   | 19817 ||| Stepping ~*~*~tactically~*~*~ (stealth).
 19827 | Lair:5   | 19827 ||| Stepping ~*~*~tactically~*~*~ (stealth).
 19839 | Lair:5   | 19839 ||| Stepping ~*~*~tactically~*~*~ (hiding).
 19850 | Lair:5   | 19850 ||| Stepping ~*~*~tactically~*~*~ (hiding).
 19905 | Lair:5   | 19905 ||| Stepping ~*~*~tactically~*~*~ (stealth).
 19914 | Lair:5   | 19914 ||| FLEEEEING.
 19915 | Lair:5   | 19915 ||| FLEEEEING.
 19917 | Lair:5   | 19917 ||| FLEEEEING.
 19918 | Lair:5   | 19918 ||| FLEEEEING.
 19923 | Lair:5   | 19923 ||| FLEEEEING.
 19924 | Lair:5   | 19924 ||| FLEEEEING.
 19925 | Lair:5   | 19925 ||| FLEEEEING.
 19926 | Lair:5   | 19926 ||| FLEEEEING.
 19927 | Lair:5   | 19927 ||| FLEEEEING.
 19928 | Lair:5   | 19928 ||| FLEEEEING.
 19929 | Lair:5   | 19929 ||| FLEEEEING.
 19931 | Lair:5   | 19931 ||| FLEEEEING.
 19932 | Lair:5   | 19932 ||| FLEEEEING.
 19933 | Lair:5   | 19933 ||| FLEEEEING.
 20085 | Lair:5   | Found a corrupted altar of Lugonu.
 20085 | Lair:5   | Found a one-way gate to the infinite horrors of the Abyss.
 20198 | Lair:5   | Reached skill level 15 in Shields
 20207 | Lair:5   | 20207 ||| Stepping ~*~*~tactically~*~*~ (stealth).
 20211 | Lair:5   | 20211 ||| Stepping ~*~*~tactically~*~*~ (stealth).
 20258 | Lair:5   | 20258 ||| INVOKING Berserk.
 20269 | Lair:5   | Noticed Rupert
 20271 | Lair:5   | 20271 ||| INVOKING Trog's Hand.
 20272 | Lair:5   | 20272 ||| INVOKING Brothers in Arms.
 20278 | Lair:5   | Killed Rupert
 20509 | Lair:5   | 20509 ||| PLANNING D:1-11
 20509 | Lair:5   | 20509 ||| UPGRADING to +2 pair of gloves.
 20519 | Lair:5   | 20519 ||| DROPPING +1 pair of gloves.
 20520 | Lair:5   | 20520 ||| UPGRADING to amulet of guardian spirit.
 20525 | Lair:5   | 20525 ||| UPGRADING to ring of poison resistance.
 20527 | Lair:5   | 20527 ||| UPGRADING to +4 ring of slaying {mikee}.
 20672 | D:11     | Found an ancient bone altar of Kikubaaqudgha.
 20723 | D:11     | Reached skill level 16 in Fighting
 20763 | D:11     | 20763 ||| Stepping ~*~*~tactically~*~*~ (stealth).
 20834 | D:11     | 20834 ||| Stepping ~*~*~tactically~*~*~ (hiding).
 20835 | D:11     | 20835 ||| Stepping ~*~*~tactically~*~*~ (hiding).
 20839 | D:11     | 20839 ||| Stepping ~*~*~tactically~*~*~ (hiding).
 20841 | D:11     | 20841 ||| INVOKING Berserk.
 21000 | D:11     | 21000 ||| Stepping ~*~*~tactically~*~*~ (cloud).
 21003 | D:11     | 21003 ||| Stepping ~*~*~tactically~*~*~ (hiding).
 21005 | D:11     | 21005 ||| Stepping ~*~*~tactically~*~*~ (hiding).
 21007 | D:11     | 21007 ||| INVOKING Brothers in Arms.
 21008 | D:11     | 21008 ||| INVOKING Berserk.
 21537 | D:11     | 21537 ||| INVOKING Berserk.
 21703 | D:11     | 21703 ||| Stepping ~*~*~tactically~*~*~ (stealth).
 21710 | D:11     | Reached skill level 17 in Fighting
 21864 | D:11     | 21864 ||| PLANNING D
 21939 | D:12     | Found Agiloura's Antique Armour Boutique.
 21947 | D:12     | 21947 ||| BUYING ice dragon scales (1860 gold).
 21947 | D:12     | Bought ice dragon scales for 1860 gold pieces
 21947 | D:12     | 21947 ||| SHOPLISTING runed plate armour (806 gold, have
                  | 166).
 21947 | D:12     | 21947 ||| SHOPLISTING shiny kite shield (232 gold, have
                  | 166).
 22013 | D:12     | 22013 ||| FLEEEEING.
 22014 | D:12     | 22014 ||| FLEEEEING.
 22015 | D:12     | 22015 ||| FLEEEEING.
 22019 | D:12     | 22019 ||| FLEEEEING.
 22020 | D:12     | 22020 ||| FLEEEEING.
 22021 | D:12     | 22021 ||| FLEEEEING.
 22022 | D:12     | 22022 ||| FLEEEEING.
 22023 | D:12     | 22023 ||| FLEEEEING.
 22024 | D:12     | 22024 ||| FLEEEEING.
 22025 | D:12     | 22025 ||| FLEEEEING.
 22026 | D:12     | 22026 ||| FLEEEEING.
 22027 | D:12     | 22027 ||| FLEEEEING.
 22028 | D:12     | 22028 ||| FLEEEEING.
 22029 | D:12     | 22029 ||| FLEEEEING.
 22030 | D:12     | 22030 ||| FLEEEEING.
 22031 | D:12     | 22031 ||| FLEEEEING.
 22032 | D:12     | 22032 ||| FLEEEEING.
 22033 | D:12     | 22033 ||| FLEEEEING.
 22034 | D:12     | 22034 ||| FLEEEEING.
 22035 | D:12     | 22035 ||| FLEEEEING.
 22036 | D:12     | 22036 ||| FLEEEEING.
 22037 | D:12     | 22037 ||| FLEEEEING.
 22038 | D:12     | 22038 ||| FLEEEEING.
 22039 | D:12     | 22039 ||| FLEEEEING.
 22040 | D:12     | 22040 ||| FLEEEEING.
 22041 | D:12     | 22041 ||| FLEEEEING.
 22042 | D:12     | 22042 ||| FLEEEEING.
 22043 | D:12     | 22043 ||| FLEEEEING.
 22044 | D:12     | 22044 ||| FLEEEEING.
 22045 | D:12     | 22045 ||| FLEEEEING.
 22046 | D:12     | 22046 ||| FLEEEEING.
 22052 | D:12     | 22052 ||| FLEEEEING.
 22053 | D:12     | 22053 ||| FLEEEEING.
 22054 | D:12     | 22054 ||| FLEEEEING.
 22055 | D:12     | 22055 ||| FLEEEEING.
 22056 | D:12     | 22056 ||| FLEEEEING.
 22057 | D:12     | 22057 ||| FLEEEEING.
 22058 | D:12     | 22058 ||| FLEEEEING.
 22059 | D:12     | 22059 ||| FLEEEEING.
 22060 | D:12     | 22060 ||| FLEEEEING.
 22061 | D:12     | 22061 ||| FLEEEEING.
 22062 | D:12     | 22062 ||| FLEEEEING.
 22068 | D:12     | 22068 ||| FLEEEEING.
 22069 | D:12     | 22069 ||| FLEEEEING.
 22070 | D:12     | 22070 ||| FLEEEEING.
 22071 | D:12     | 22071 ||| FLEEEEING.
 22072 | D:12     | 22072 ||| FLEEEEING.
 22073 | D:12     | 22073 ||| FLEEEEING.
 22078 | D:12     | 22078 ||| FLEEEEING.
 22079 | D:12     | 22079 ||| FLEEEEING.
 22081 | D:12     | 22081 ||| FLEEEEING.
 22082 | D:12     | 22082 ||| FLEEEEING.
 22084 | D:12     | 22084 ||| FLEEEEING.
 22085 | D:12     | 22085 ||| FLEEEEING.
 22086 | D:12     | 22086 ||| FLEEEEING.
 22087 | D:12     | 22087 ||| FLEEEEING.
 22088 | D:12     | 22088 ||| FLEEEEING.
 22089 | D:12     | 22089 ||| FLEEEEING.
 22091 | D:12     | 22091 ||| STAIRDANCE
 22742 | D:13     | 22742 ||| Stepping ~*~*~tactically~*~*~ (hiding).
 22897 | D:13     | 22897 ||| Stepping ~*~*~tactically~*~*~ (hiding).
 22899 | D:13     | 22899 ||| Stepping ~*~*~tactically~*~*~ (hiding).
 22906 | D:13     | 22906 ||| INVOKING Trog's Hand.
 22915 | D:13     | Reached XP level 15. HP: 113/147 MP: 9/14
 22969 | D:13     | Found a gate to the Vaults.
 23014 | D:13     | 23014 ||| FLEEEEING.
 23015 | D:13     | 23015 ||| FLEEEEING.
 23016 | D:13     | 23016 ||| FLEEEEING.
 23017 | D:13     | 23017 ||| FLEEEEING.
 23018 | D:13     | 23018 ||| FLEEEEING.
 23019 | D:13     | 23019 ||| FLEEEEING.
 23020 | D:13     | 23020 ||| FLEEEEING.
 23021 | D:13     | 23021 ||| FLEEEEING.
 23323 | D:13     | You fall into a shaft and drop 2 floors!
 23323 | D:15     | Entered Level 15 of the Dungeon
 23359 | D:15     | Identified the ring "Veazayr" {rF+ Int+6}
 23372 | D:15     | 23372 ||| Stepping ~*~*~tactically~*~*~ (stealth).
 23382 | D:15     | Paralysed by a floating eye for 3 turns
 23386 | D:15     | Identified the +11 war axe of Spring {vorpal, Dex+2} (Trog
                  | gifted it to you on level 15 of the Dungeon)
 23386 | D:15     | Received a gift from Trog
 23388 | D:15     | 23388 ||| SWAPPING to +11 war axe of Spring {vorpal,
                  | Dex+2}.
 23397 | D:15     | 23397 ||| INVOKING Berserk.
 23450 | D:15     | 23450 ||| UPGRADING to ring "Veazayr" {rF+ Int+6}.
 23452 | D:15     | 23452 ||| READING 7 scrolls of identify.
 23452 | D:15     | 23452 ||| IDENTIFYING bubbling pink potion
 23453 | D:15     | 23453 ||| DROPPING potion of invisibility.
 23654 | D:14     | 23654 ||| STAIRDANCE
 23718 | D:14     | 23718 ||| INVOKING Berserk.
 23730 | D:14     | 23730 ||| INVOKING Brothers in Arms.
 24134 | D:14     | 24134 ||| Stepping ~*~*~tactically~*~*~ (hiding).
 24136 | D:14     | 24136 ||| Stepping ~*~*~tactically~*~*~ (hiding).
 24137 | D:14     | 24137 ||| Stepping ~*~*~tactically~*~*~ (hiding).
 24138 | D:14     | 24138 ||| Stepping ~*~*~tactically~*~*~ (hiding).
 24139 | D:14     | 24139 ||| Stepping ~*~*~tactically~*~*~ (hiding).
 24235 | D:14     | Reached skill level 9 in Dodging
 24457 | D:14     | 24457 ||| Stepping ~*~*~tactically~*~*~ (stealth).
 24466 | D:14     | 24466 ||| Stepping ~*~*~tactically~*~*~ (stealth).
 24467 | D:14     | 24467 ||| Stepping ~*~*~tactically~*~*~ (stealth).
 24468 | D:14     | 24468 ||| Stepping ~*~*~tactically~*~*~ (stealth).
 24469 | D:14     | 24469 ||| Stepping ~*~*~tactically~*~*~ (stealth).
 24472 | D:14     | 24472 ||| Stepping ~*~*~tactically~*~*~ (stealth).
 24477 | D:14     | 24477 ||| INVOKING Berserk.
 24671 | D:14     | 24671 ||| READING scroll of enchant armour.
 24671 | D:14     | 24671 ||| ENCHANTING +0 pair of boots.
 24939 | D:14     | 24939 ||| Stepping ~*~*~tactically~*~*~ (hiding).
 25373 | D:15     | 25373 ||| INVOKING Berserk.
 25494 | D:15     | 25494 ||| Stepping ~*~*~tactically~*~*~ (stealth).
 25549 | D:15     | Reached skill level 18 in Fighting
 25557 | D:15     | 25557 ||| Stepping ~*~*~tactically~*~*~ (stealth).
 25600 | D:15     | Noticed Azrael
 25601 | D:15     | 25601 ||| INVOKING Brothers in Arms.
 25602 | D:15     | 25602 ||| SWAPPING to +3 war axe of flaming.
 25605 | D:15     | 25605 ||| SWAPPING to +11 war axe of Spring {vorpal,
                  | Dex+2}.
 25609 | D:15     | 25609 ||| INVOKING Berserk.
 25613 | D:15     | Killed Azrael
 25613 | D:15     | Received a gift from Trog
 25726 | D:15     | 25726 ||| DROPPING +0 broad axe.
 25731 | D:15     | Identified the ring of Ocaemuep {rC+ rCorr AC+4 Str+3}
 25802 | D:15     | 25802 ||| INVOKING Trog's Hand.
 25824 | D:15     | Found a staircase to the Depths.
 25826 | D:15     | 25826 ||| INVOKING Brothers in Arms.
 25827 | D:15     | 25827 ||| INVOKING Berserk.
 25988 | D:15     | Reached skill level 15 in Armour
 26031 | D:15     | Found Izxapn's Distillery.
 26032 | D:15     | 26032 ||| INVOKING Berserk.
 26149 | D:15     | 26149 ||| BUYING 2 potions of heal wounds (160 gold).
 26149 | D:15     | Bought 2 potions of heal wounds for 160 gold pieces
 26149 | D:15     | 26149 ||| BUYING potion of heal wounds (80 gold).
 26149 | D:15     | Bought a potion of heal wounds for 80 gold pieces
 26149 | D:15     | 26149 ||| BUYING potion of resistance (160 gold).
 26149 | D:15     | Bought a potion of resistance for 160 gold pieces
 26196 | D:15     | 26196 ||| INVOKING Brothers in Arms.
 26197 | D:15     | 26197 ||| INVOKING Berserk.
 26317 | D:15     | Noticed a fire giant
 26318 | D:15     | 26318 ||| SWAPPING to +3 war axe of flaming.
 26327 | D:15     | 26327 ||| SWAPPING to +11 war axe of Spring {vorpal,
                  | Dex+2}.
 26331 | D:15     | Killed a fire giant
 26336 | D:15     | 26336 ||| Stepping ~*~*~tactically~*~*~ (hiding).
 26337 | D:15     | 26337 ||| Stepping ~*~*~tactically~*~*~ (hiding).
 26338 | D:15     | 26338 ||| Stepping ~*~*~tactically~*~*~ (hiding).
 26339 | D:15     | 26339 ||| Stepping ~*~*~tactically~*~*~ (hiding).
 26340 | D:15     | 26340 ||| Stepping ~*~*~tactically~*~*~ (hiding).
 26341 | D:15     | 26341 ||| Stepping ~*~*~tactically~*~*~ (hiding).
 26342 | D:15     | 26342 ||| Stepping ~*~*~tactically~*~*~ (hiding).
 26343 | D:15     | 26343 ||| INVOKING Trog's Hand.
 26378 | D:15     | 26378 ||| Stepping ~*~*~tactically~*~*~ (stealth).
 26380 | D:15     | 26380 ||| INVOKING Trog's Hand.
 26400 | D:15     | Identified the ring of Nasistres {Ice rCorr Int+3}
 26427 | D:15     | 26427 ||| Stepping ~*~*~tactically~*~*~ (stealth).
 26495 | D:15     | Found Ufekucit's Antique Weapon Boutique.
 26497 | D:15     | 26497 ||| Stepping ~*~*~tactically~*~*~ (hiding).
 26619 | D:15     | Found a transporter.
 26632 | D:15     | Reached XP level 16. HP: 138/159 MP: 12/15
 26693 | D:15     | Identified the +11 mace of Wuimots {elec, rElec rF++}
 26762 | D:15     | 26762 ||| SWAPPING to +3 war axe of flaming.
 26765 | D:15     | 26765 ||| INVOKING Berserk.
 26774 | D:15     | Reached skill level 19 in Fighting
 26781 | D:15     | 26781 ||| SWAPPING to +11 war axe of Spring {vorpal,
                  | Dex+2}.
 26924 | D:15     | 26924 ||| Stepping ~*~*~tactically~*~*~ (hiding).
 26925 | D:15     | 26925 ||| SWAPPING to +3 war axe of flaming.
 26927 | D:15     | 26927 ||| Stepping ~*~*~tactically~*~*~ (hiding).
 26929 | D:15     | 26929 ||| Stepping ~*~*~tactically~*~*~ (hiding).
 26932 | D:15     | 26932 ||| SWAPPING to +11 war axe of Spring {vorpal,
                  | Dex+2}.
 27000 | D:15     | 27000 ||| INVOKING Berserk.
 27165 | D:15     | 27165 ||| Stepping ~*~*~tactically~*~*~ (stealth).
 27211 | D:15     | Found Muxit's Jewellery Shop.
 27235 | D:15     | 27235 ||| SHOPLISTING amulet of reflection (510 gold, have
                  | 213).
 27235 | D:15     | 27235 ||| SHOPLISTING ring "Cuibbu" {rElec rF+ rCorr Str+2}
                  | (829 gold, have 213).
 27273 | D:15     | 27273 ||| Stepping ~*~*~tactically~*~*~ (stealth).
 27298 | D:15     | Found a transporter.
 27303 | D:15     | 27303 ||| PLANNING ORC
 27303 | D:15     | 27303 ||| DROPPING scarf of repulsion.
 27304 | D:15     | 27304 ||| UPGRADING to +0 kite shield of resistance.
 27314 | D:15     | 27314 ||| UPGRADING to +6 ring of strength.
 27316 | D:15     | 27316 ||| UPGRADING to +4 ring of slaying {mikee}.
 27318 | D:15     | 27318 ||| UPGRADING to ring of Ocaemuep {rC+ rCorr AC+4
                  | Str+3}.
 27320 | D:15     | 27320 ||| DROPPING +6 ring of strength.
 27321 | D:15     | 27321 ||| DROPPING ring of Nasistres {Ice rCorr Int+3}.
 27322 | D:15     | 27322 ||| UPGRADING to ring of poison resistance.
 27473 | Orc:1    | Entered Level 1 of the Orcish Mines
 27476 | Orc:1    | 27476 ||| Stepping ~*~*~tactically~*~*~ (stealth).
 27482 | Orc:1    | 27482 ||| INVOKING Berserk.
 27603 | Orc:1    | 27603 ||| INVOKING Berserk.
 27830 | Orc:1    | 27830 ||| Stepping ~*~*~tactically~*~*~ (hiding).
 27831 | Orc:1    | 27831 ||| Stepping ~*~*~tactically~*~*~ (hiding).
 27832 | Orc:1    | 27832 ||| INVOKING Berserk.
 28036 | Orc:1    | Found a runed translucent door.
 28195 | Orc:2    | Entered Level 2 of the Orcish Mines
 28208 | Orc:2    | 28208 ||| INVOKING Berserk.
 28344 | Orc:2    | 28344 ||| Stepping ~*~*~tactically~*~*~ (hiding).
 28345 | Orc:2    | 28345 ||| Stepping ~*~*~tactically~*~*~ (hiding).
 28378 | Orc:2    | 28378 ||| INVOKING Berserk.
 28388 | Orc:2    | 28388 ||| FLEEEEING.
 28393 | Orc:2    | 28393 ||| FLEEEEING.
 28401 | Orc:2    | 28401 ||| STAIRDANCE
 28524 | Orc:2    | 28524 ||| Stepping ~*~*~tactically~*~*~ (stealth).
 28530 | Orc:2    | 28530 ||| Stepping ~*~*~tactically~*~*~ (stealth).
 28534 | Orc:2    | 28534 ||| Stepping ~*~*~tactically~*~*~ (stealth).
 28564 | Orc:2    | 28564 ||| Stepping ~*~*~tactically~*~*~ (stealth).
 28565 | Orc:2    | 28565 ||| Stepping ~*~*~tactically~*~*~ (stealth).
 28591 | Orc:2    | 28591 ||| INVOKING Berserk.
 28609 | Orc:2    | 28609 ||| INVOKING Brothers in Arms.
 28610 | Orc:2    | 28610 ||| INVOKING Brothers in Arms.
 28637 | Orc:2    | 28637 ||| FLEEEEING.
 28688 | Orc:2    | 28688 ||| Stepping ~*~*~tactically~*~*~ (stealth).
 28774 | Orc:2    | 28774 ||| Stepping ~*~*~tactically~*~*~ (hiding).
 28776 | Orc:2    | 28776 ||| Stepping ~*~*~tactically~*~*~ (hiding).
 28955 | Orc:2    | 28955 ||| Stepping ~*~*~tactically~*~*~ (stealth).
 28956 | Orc:2    | 28956 ||| Stepping ~*~*~tactically~*~*~ (stealth).
 28961 | Orc:2    | 28961 ||| INVOKING Berserk.
 28975 | Orc:2    | 28975 ||| FLEEEEING.
 28976 | Orc:2    | 28976 ||| FLEEEEING.
 28977 | Orc:2    | 28977 ||| FLEEEEING.
 28978 | Orc:2    | 28978 ||| FLEEEEING.
 28979 | Orc:2    | 28979 ||| FLEEEEING.
 28981 | Orc:2    | 28981 ||| FLEEEEING.
 28982 | Orc:2    | 28982 ||| FLEEEEING.
 28983 | Orc:2    | 28983 ||| FLEEEEING.
 28984 | Orc:2    | 28984 ||| STAIRDANCE
 29155 | Orc:2    | 29155 ||| Stepping ~*~*~tactically~*~*~ (stealth).
 29166 | Orc:2    | 29166 ||| Stepping ~*~*~tactically~*~*~ (stealth).
 29167 | Orc:2    | 29167 ||| Stepping ~*~*~tactically~*~*~ (stealth).
 29168 | Orc:2    | 29168 ||| Stepping ~*~*~tactically~*~*~ (stealth).
 29169 | Orc:2    | 29169 ||| Stepping ~*~*~tactically~*~*~ (stealth).
 29170 | Orc:2    | 29170 ||| INVOKING Berserk.
 29326 | Orc:2    | Found a staircase to the Elven Halls.
 29395 | Orc:2    | 29395 ||| Stepping ~*~*~tactically~*~*~ (stealth).
 29405 | Orc:2    | 29405 ||| Stepping ~*~*~tactically~*~*~ (hiding).
 29406 | Orc:2    | 29406 ||| Stepping ~*~*~tactically~*~*~ (hiding).
 29407 | Orc:2    | 29407 ||| Stepping ~*~*~tactically~*~*~ (hiding).
 29412 | Orc:2    | 29412 ||| INVOKING Trog's Hand.
 29413 | Orc:2    | 29413 ||| INVOKING Berserk.
 29530 | Orc:2    | Found Cagausch's Armour Shop.
 29532 | Orc:2    | Found Pyckigat's Jewellery Shop.
 29547 | Orc:2    | Found Kitukoykus's Book Shoppe.
 29553 | Orc:2    | 29553 ||| BUYING +0 tower shield (63 gold).
 29553 | Orc:2    | Bought a +0 tower shield for 63 gold pieces
 29553 | Orc:2    | 29553 ||| BUYING +1 pair of gloves "Qibred" {Fly rPois}
                  | (319 gold).
 29553 | Orc:2    | Bought the +1 pair of gloves "Qibred" {Fly rPois} for 319
                  | gold pieces
 29558 | Orc:2    | 29558 ||| BUYING amulet of the acrobat (480 gold).
 29558 | Orc:2    | Bought an amulet of the acrobat for 480 gold pieces
 29558 | Orc:2    | 29558 ||| SHOPLISTING ring "Waqalank" {Contam rElec rPois
                  | rF+ rN+} (633 gold, have 63).
 29560 | Orc:2    | Found Door's Assorted Antiques.
 29563 | Orc:2    | 29563 ||| INVOKING Trog's Hand.
 29566 | Orc:2    | 29566 ||| INVOKING Berserk.
 29679 | Orc:2    | 29679 ||| SHOPLISTING potion of curing (69 gold, have 63).
 29679 | Orc:2    | 29679 ||| SHOPLISTING potion of heal wounds (115 gold, have
                  | 63).
 29824 | Orc:2    | 29824 ||| UPGRADING to +0 tower shield.
 29834 | Orc:2    | 29834 ||| DROPPING +0 kite shield of positive energy.
 29835 | Orc:2    | 29835 ||| UPGRADING to +1 pair of gloves "Qibred" {Fly
                  | rPois}.
 29845 | Orc:2    | 29845 ||| REMOVING ring of poison resistance.
 29846 | Orc:2    | 29846 ||| DROPPING +0 kite shield of resistance.
 29847 | Orc:2    | 29847 ||| UPGRADING to ring "Veazayr" {rF+ Int+6}.
 29906 | Orc:1    | 29906 ||| PLANNING SWAMP:1-3
 30092 | Swamp:1  | Entered Level 1 of the Swamp
 30218 | Swamp:1  | 30218 ||| SWAPPING to +3 war axe of flaming.
 30223 | Swamp:1  | 30223 ||| SWAPPING to +11 war axe of Spring {vorpal,
                  | Dex+2}.
 30293 | Swamp:1  | 30293 ||| INVOKING Berserk.
 30379 | Swamp:1  | 30379 ||| Stepping ~*~*~tactically~*~*~ (stealth).
 30382 | Swamp:1  | 30382 ||| Stepping ~*~*~tactically~*~*~ (stealth).
 30430 | Swamp:1  | 30430 ||| SWAPPING to +3 war axe of flaming.
 30432 | Swamp:1  | 30432 ||| SWAPPING to +11 war axe of Spring {vorpal,
                  | Dex+2}.
 30435 | Swamp:1  | 30435 ||| SWAPPING to +3 war axe of flaming.
 30443 | Swamp:1  | 30443 ||| SWAPPING to +11 war axe of Spring {vorpal,
                  | Dex+2}.
 30527 | Swamp:1  | 30527 ||| INVOKING Brothers in Arms.
 30529 | Swamp:1  | 30529 ||| SWAPPING to +3 war axe of flaming.
 30532 | Swamp:1  | 30532 ||| SWAPPING to +11 war axe of Spring {vorpal,
                  | Dex+2}.
 30742 | Swamp:1  | 30742 ||| INVOKING Berserk.
 30746 | Swamp:1  | Reached skill level 18 in Shields
 30753 | Swamp:1  | 30753 ||| Stepping ~*~*~tactically~*~*~ (stealth).
 30801 | Swamp:1  | 30801 ||| Stepping ~*~*~tactically~*~*~ (stealth).
 30803 | Swamp:1  | 30803 ||| Stepping ~*~*~tactically~*~*~ (stealth).
 30808 | Swamp:1  | 30808 ||| INVOKING Berserk.
 30872 | Swamp:1  | 30872 ||| Stepping ~*~*~tactically~*~*~ (stealth).
 30873 | Swamp:1  | 30873 ||| Stepping ~*~*~tactically~*~*~ (stealth).
 30917 | Swamp:1  | 30917 ||| READING scroll of enchant armour.
 30917 | Swamp:1  | 30917 ||| ENCHANTING +1 pair of boots.
 30966 | Swamp:1  | 30966 ||| INVOKING Berserk.
 31143 | Swamp:1  | 31143 ||| Stepping ~*~*~tactically~*~*~ (stealth).
 31289 | Swamp:2  | 31289 ||| STAIRDANCE
 31306 | Swamp:2  | 31306 ||| STAIRDANCE
 31333 | Swamp:2  | 31333 ||| INVOKING Berserk.
 31378 | Swamp:2  | Noticed a thorn hunter
 31379 | Swamp:2  | 31379 ||| INVOKING Berserk.
 31397 | Swamp:2  | Killed a thorn hunter
 31475 | Swamp:2  | 31475 ||| Stepping ~*~*~tactically~*~*~ (stealth).
 31483 | Swamp:2  | 31483 ||| Stepping ~*~*~tactically~*~*~ (hiding).
 31486 | Swamp:2  | 31486 ||| INVOKING Berserk.
 31504 | Swamp:2  | Reached XP level 17. HP: 120/170 MP: 11/16
 31608 | Swamp:2  | 31608 ||| Stepping ~*~*~tactically~*~*~ (stealth).
 31609 | Swamp:2  | 31609 ||| Stepping ~*~*~tactically~*~*~ (stealth).
 31610 | Swamp:2  | 31610 ||| Stepping ~*~*~tactically~*~*~ (stealth).
 31626 | Swamp:2  | 31626 ||| Stepping ~*~*~tactically~*~*~ (stealth).
 31629 | Swamp:2  | 31629 ||| Stepping ~*~*~tactically~*~*~ (stealth).
 31630 | Swamp:2  | 31630 ||| Stepping ~*~*~tactically~*~*~ (stealth).
 31635 | Swamp:2  | 31635 ||| INVOKING Berserk.
 31805 | Swamp:2  | 31805 ||| Stepping ~*~*~tactically~*~*~ (hiding).
 32029 | Swamp:2  | 32029 ||| INVOKING Berserk.
 32335 | Swamp:3  | 32335 ||| INVOKING Berserk.
 32494 | Swamp:3  | 32494 ||| Stepping ~*~*~tactically~*~*~ (hiding).
 32691 | Swamp:3  | 32691 ||| Stepping ~*~*~tactically~*~*~ (stealth).
 32692 | Swamp:3  | 32692 ||| Stepping ~*~*~tactically~*~*~ (hiding).
 32694 | Swamp:3  | 32694 ||| INVOKING Berserk.
 32786 | Swamp:3  | 32786 ||| Stepping ~*~*~tactically~*~*~ (stealth).
 32789 | Swamp:3  | Identified the +0 ring mail "Beunn" {*Corrode rN++}
 32794 | Swamp:3  | 32794 ||| Stepping ~*~*~tactically~*~*~ (stealth).
 32798 | Swamp:3  | 32798 ||| Stepping ~*~*~tactically~*~*~ (hiding).
 32825 | Swamp:3  | 32825 ||| Stepping ~*~*~tactically~*~*~ (stealth).
 32843 | Swamp:3  | 32843 ||| FLEEEEING.
 32844 | Swamp:3  | 32844 ||| FLEEEEING.
 32845 | Swamp:3  | 32845 ||| FLEEEEING.
 32846 | Swamp:3  | 32846 ||| FLEEEEING.
 32847 | Swamp:3  | 32847 ||| FLEEEEING.
 32848 | Swamp:3  | 32848 ||| FLEEEEING.
 32849 | Swamp:3  | 32849 ||| FLEEEEING.
 32850 | Swamp:3  | 32850 ||| FLEEEEING.
 32851 | Swamp:3  | 32851 ||| FLEEEEING.
 33114 | Swamp:3  | 33114 ||| SWAPPING to +3 war axe of flaming.
 33118 | Swamp:3  | 33118 ||| SWAPPING to +11 war axe of Spring {vorpal,
                  | Dex+2}.
 33120 | Swamp:3  | 33120 ||| INVOKING Trog's Hand.
 33123 | Swamp:3  | 33123 ||| INVOKING Berserk.
 33516 | Swamp:3  | 33516 ||| PLANNING SNAKE:1-3
 33516 | Swamp:3  | 33516 ||| DROPPING +1 chain mail of fire resistance.
 33637 | Snake:1  | Entered Level 1 of the Snake Pit
 33678 | Snake:1  | Found a runed translucent door.
 33680 | Snake:1  | Found a shimmering altar of Xom.
 33680 | Snake:1  | Noticed TuffENuff's ghost (adept FoFi)
 33742 | Snake:1  | 33742 ||| INVOKING Berserk.
 33885 | Snake:1  | 33885 ||| INVOKING Berserk.
 34141 | Snake:1  | 34141 ||| Stepping ~*~*~tactically~*~*~ (hiding).
 34411 | Snake:1  | 34411 ||| Stepping ~*~*~tactically~*~*~ (stealth).
 34861 | Snake:2  | 34861 ||| Stepping ~*~*~tactically~*~*~ (stealth).
 34863 | Snake:2  | 34863 ||| Stepping ~*~*~tactically~*~*~ (hiding).
 34864 | Snake:2  | 34864 ||| Stepping ~*~*~tactically~*~*~ (stealth).
 35052 | Snake:2  | 35052 ||| Stepping ~*~*~tactically~*~*~ (hiding).
 35066 | Snake:2  | 35066 ||| Stepping ~*~*~tactically~*~*~ (stealth).
 35251 | Snake:2  | 35251 ||| Stepping ~*~*~tactically~*~*~ (hiding).
 35269 | Snake:2  | 35269 ||| Stepping ~*~*~tactically~*~*~ (hiding).
 35284 | Snake:2  | 35284 ||| Stepping ~*~*~tactically~*~*~ (hiding).
 35289 | Snake:2  | Reached skill level 20 in Fighting
 35289 | Snake:2  | 35289 ||| Stepping ~*~*~tactically~*~*~ (hiding).
 35299 | Snake:2  | Found Diama's General Store.
 35324 | Snake:2  | Found Rarchijiru's Assorted Antiques.
 35327 | Snake:2  | 35327 ||| BUYING 2 potions of heal wounds (130 gold).
 35327 | Snake:2  | Bought 2 potions of heal wounds for 130 gold pieces
 35331 | Snake:2  | 35331 ||| BUYING potion of cancellation (256 gold).
 35331 | Snake:2  | Bought a potion of cancellation for 256 gold pieces
 35331 | Snake:2  | 35331 ||| SHOPLISTING potion of heal wounds (160 gold, have
                  | 58).
 35331 | Snake:2  | 35331 ||| BUYING scroll labelled IPNUTWUGEA (32 gold).
 35331 | Snake:2  | Bought a scroll labelled IPNUTWUGEA for 32 gold pieces
 35338 | Snake:2  | 35338 ||| Stepping ~*~*~tactically~*~*~ (hiding).
 35617 | Snake:2  | 35617 ||| DROPPING +4 ring of protection.
 35618 | Snake:2  | 35618 ||| READING scroll labelled IPNUTWUGEA.
 35660 | Snake:3  | 35660 ||| STAIRDANCE
 35680 | Snake:3  | Found Ebicwad's Book Shop.
 35681 | Snake:3  | Found Vanucirane's Magic Scroll Shop.
 35684 | Snake:3  | Found Enkask's Distillery.
 35688 | Snake:3  | Found Buap's Magic Scroll Shop.
 35690 | Snake:3  | 35690 ||| SHOPLISTING scroll of enchant armour (97 gold,
                  | have 44).
 35693 | Snake:3  | 35693 ||| SHOPLISTING scroll of brand weapon (152 gold,
                  | have 44).
 35693 | Snake:3  | 35693 ||| SHOPLISTING scroll of teleportation (48 gold,
                  | have 44).
 35696 | Snake:3  | 35696 ||| SHOPLISTING potion of cancellation (120 gold,
                  | have 44).
 35696 | Snake:3  | 35696 ||| SHOPLISTING potion of curing (45 gold, have 44).
 35742 | Snake:3  | 35742 ||| Stepping ~*~*~tactically~*~*~ (hiding).
 35744 | Snake:3  | 35744 ||| Stepping ~*~*~tactically~*~*~ (hiding).
 35839 | Snake:3  | 35839 ||| Stepping ~*~*~tactically~*~*~ (hiding).
 35989 | Snake:3  | 35989 ||| Stepping ~*~*~tactically~*~*~ (hiding).
 35991 | Snake:3  | 35991 ||| Stepping ~*~*~tactically~*~*~ (hiding).
 35998 | Snake:3  | 35998 ||| INVOKING Berserk.
 36012 | Snake:3  | 36012 ||| Stepping ~*~*~tactically~*~*~ (hiding).
 36014 | Snake:3  | 36014 ||| Stepping ~*~*~tactically~*~*~ (hiding).
 36021 | Snake:3  | Reached skill level 21 in Shields
 36147 | Snake:3  | 36147 ||| INVOKING Berserk.
 36331 | Snake:3  | 36331 ||| Stepping ~*~*~tactically~*~*~ (hiding).
 36333 | Snake:3  | 36333 ||| Stepping ~*~*~tactically~*~*~ (hiding).
 36335 | Snake:3  | 36335 ||| Stepping ~*~*~tactically~*~*~ (hiding).
 36659 | Snake:3  | 36659 ||| Stepping ~*~*~tactically~*~*~ (stealth).
 36661 | Snake:3  | 36661 ||| Stepping ~*~*~tactically~*~*~ (hiding).
 36681 | Snake:3  | 36681 ||| Stepping ~*~*~tactically~*~*~ (hiding).
 36682 | Snake:3  | 36682 ||| Stepping ~*~*~tactically~*~*~ (hiding).
 36921 | Snake:3  | 36921 ||| Stepping ~*~*~tactically~*~*~ (hiding).
 37541 | Snake:3  | 37541 ||| PLANNING SWAMP:4
 37541 | Snake:3  | 37541 ||| UPGRADING to +0 tower shield of protection.
 37551 | Snake:3  | 37551 ||| DROPPING +0 tower shield.
 37552 | Snake:3  | 37552 ||| DROPPING ring of see invisible.
 37699 | Swamp:4  | Entered Level 4 of the Swamp
 37821 | Swamp:4  | 37821 ||| Stepping ~*~*~tactically~*~*~ (hiding).
 37931 | Swamp:4  | 37931 ||| Stepping ~*~*~tactically~*~*~ (stealth).
 37933 | Swamp:4  | 37933 ||| Stepping ~*~*~tactically~*~*~ (hiding).
 37938 | Swamp:4  | 37938 ||| SWAPPING to +3 war axe of flaming.
 37939 | Swamp:4  | 37939 ||| SWAPPING to +11 war axe of Spring {vorpal,
                  | Dex+2}.
 37941 | Swamp:4  | 37941 ||| SWAPPING to +3 war axe of flaming.
 37952 | Swamp:4  | 37952 ||| SWAPPING to +11 war axe of Spring {vorpal,
                  | Dex+2}.
 38000 | Swamp:4  | 38000 ||| SWAPPING to +3 war axe of flaming.
 38009 | Swamp:4  | 38009 ||| Stepping ~*~*~tactically~*~*~ (stealth).
 38013 | Swamp:4  | 38013 ||| Stepping ~*~*~tactically~*~*~ (hiding).
 38014 | Swamp:4  | 38014 ||| SWAPPING to +11 war axe of Spring {vorpal,
                  | Dex+2}.
 38037 | Swamp:4  | 38037 ||| SWAPPING to +3 war axe of flaming.
 38047 | Swamp:4  | 38047 ||| SWAPPING to +11 war axe of Spring {vorpal,
                  | Dex+2}.
 38081 | Swamp:4  | 38081 ||| Stepping ~*~*~tactically~*~*~ (cloud).
 38141 | Swamp:4  | 38141 ||| SWAPPING to +3 war axe of flaming.
 38146 | Swamp:4  | 38146 ||| SWAPPING to +11 war axe of Spring {vorpal,
                  | Dex+2}.
 38149 | Swamp:4  | 38149 ||| SWAPPING to +3 war axe of flaming.
 38154 | Swamp:4  | 38154 ||| SWAPPING to +11 war axe of Spring {vorpal,
                  | Dex+2}.
 38182 | Swamp:4  | 38182 ||| SWAPPING to +3 war axe of flaming.
 38187 | Swamp:4  | 38187 ||| SWAPPING to +11 war axe of Spring {vorpal,
                  | Dex+2}.
 38209 | Swamp:4  | 38209 ||| INVOKING Trog's Hand.
 38211 | Swamp:4  | 38211 ||| INVOKING Berserk.
 38397 | Swamp:4  | 38397 ||| READING 19 scrolls of teleportation.
 38420 | Swamp:4  | 38420 ||| READING 18 scrolls of teleportation.
 38533 | Swamp:4  | Reached XP level 18. HP: 174/175 MP: 17/17
 38554 | Swamp:4  | 38554 ||| DROPPING +3 war axe of flaming.
 38668 | Swamp:4  | 38668 ||| INVOKING Berserk.
 38678 | Swamp:4  | Received a gift from Trog
 38823 | Swamp:4  | 38823 ||| DROPPING +2 vorpal war axe.
 38839 | Swamp:4  | Noticed a tentacled monstrosity
 38841 | Swamp:4  | 38841 ||| INVOKING Brothers in Arms.
 38843 | Swamp:4  | 38843 ||| INVOKING Berserk.
 38843 | Swamp:4  | Killed a tentacled monstrosity
 38980 | Swamp:4  | 38980 ||| Stepping ~*~*~tactically~*~*~ (stealth).
 39034 | Swamp:4  | 39034 ||| INVOKING Trog's Hand.
 39036 | Swamp:4  | 39036 ||| INVOKING Berserk.
 39174 | Swamp:4  | Found a runed translucent door.
 39193 | Swamp:4  | 39193 ||| INVOKING Berserk.
 39478 | Swamp:4  | Got a decaying rune of Zot
 39537 | Swamp:4  | 39537 ||| PLANNING VAULTS:1-4
 39813 | Vaults:1 | Entered Level 1 of the Vaults
 39814 | Vaults:1 | 39814 ||| INVOKING Trog's Hand.
 39889 | Vaults:1 | 39889 ||| Stepping ~*~*~tactically~*~*~ (hiding).
 39890 | Vaults:1 | 39890 ||| Stepping ~*~*~tactically~*~*~ (hiding).
 39892 | Vaults:1 | 39892 ||| INVOKING Trog's Hand.
 39916 | Vaults:1 | 39916 ||| DRINKING 11 potions of curing.
 39916 | Vaults:1 | 39916 ||| (to cure confusion)
 39921 | Vaults:1 | Reached skill level 21 in Fighting
 39962 | Vaults:1 | Noticed Donald
 39963 | Vaults:1 | 39963 ||| INVOKING Brothers in Arms.
 39964 | Vaults:1 | 39964 ||| INVOKING Brothers in Arms.
 39965 | Vaults:1 | 39965 ||| INVOKING Berserk.
 39968 | Vaults:1 | Killed Donald
 39976 | Vaults:1 | 39976 ||| INVOKING Trog's Hand.
 40193 | Vaults:1 | 40193 ||| Stepping ~*~*~tactically~*~*~ (hiding).
 40194 | Vaults:1 | 40194 ||| Stepping ~*~*~tactically~*~*~ (hiding).
 40196 | Vaults:1 | 40196 ||| READING 17 scrolls of teleportation.
 40197 | Vaults:1 | 40197 ||| Stepping randomly (stuck).
 40198 | Vaults:1 | 40198 ||| Stepping ~*~*~tactically~*~*~ (hiding).
 40199 | Vaults:1 | 40199 ||| Stepping randomly (stuck).
 40360 | Vaults:1 | Identified the +3 leather armour of Jigsaw {Str+4 Int+4
                  | Dex+3}
 40466 | Vaults:1 | 40466 ||| INVOKING Berserk.
 40470 | Vaults:1 | Reached skill level 18 in Armour
 40607 | Vaults:2 | Noticed Aizul
 40608 | Vaults:2 | 40608 ||| INVOKING Trog's Hand.
 40609 | Vaults:2 | 40609 ||| INVOKING Brothers in Arms.
 40610 | Vaults:2 | 40610 ||| INVOKING Berserk.
 40614 | Vaults:2 | Killed Aizul
 40658 | Vaults:2 | 40658 ||| FLEEEEING.
 40662 | Vaults:2 | 40662 ||| STAIRDANCE
 40977 | Vaults:2 | 40977 ||| INVOKING Brothers in Arms.
 40981 | Vaults:2 | 40981 ||| INVOKING Berserk.
 41118 | Vaults:2 | 41118 ||| Stepping ~*~*~tactically~*~*~ (hiding).
 41139 | Vaults:2 | 41139 ||| INVOKING Berserk.
 41374 | Vaults:2 | 41374 ||| Stepping ~*~*~tactically~*~*~ (stealth).
 41485 | Vaults:2 | 41485 ||| FLEEEEING.
 41486 | Vaults:2 | 41486 ||| FLEEEEING.
 41487 | Vaults:2 | 41487 ||| FLEEEEING.
 41488 | Vaults:2 | 41488 ||| FLEEEEING.
 41492 | Vaults:2 | 41492 ||| FLEEEEING.
 41493 | Vaults:2 | 41493 ||| FLEEEEING.
 41494 | Vaults:2 | 41494 ||| FLEEEEING.
 41495 | Vaults:2 | 41495 ||| FLEEEEING.
 41497 | Vaults:2 | 41497 ||| FLEEEEING.
 41498 | Vaults:2 | 41498 ||| FLEEEEING.
 41499 | Vaults:2 | 41499 ||| FLEEEEING.
 41500 | Vaults:2 | 41500 ||| FLEEEEING.
 41504 | Vaults:2 | 41504 ||| FLEEEEING.
 41505 | Vaults:2 | 41505 ||| FLEEEEING.
 41506 | Vaults:2 | 41506 ||| FLEEEEING.
 41507 | Vaults:2 | 41507 ||| FLEEEEING.
 41512 | Vaults:2 | 41512 ||| FLEEEEING.
 41513 | Vaults:2 | 41513 ||| FLEEEEING.
 41514 | Vaults:2 | 41514 ||| FLEEEEING.
 41515 | Vaults:2 | 41515 ||| FLEEEEING.
 41516 | Vaults:2 | 41516 ||| FLEEEEING.
 41517 | Vaults:2 | 41517 ||| FLEEEEING.
 41518 | Vaults:2 | 41518 ||| FLEEEEING.
 41519 | Vaults:2 | 41519 ||| FLEEEEING.
 41520 | Vaults:2 | 41520 ||| FLEEEEING.
 41521 | Vaults:2 | 41521 ||| FLEEEEING.
 41522 | Vaults:2 | 41522 ||| FLEEEEING.
 41523 | Vaults:2 | 41523 ||| FLEEEEING.
 41524 | Vaults:2 | 41524 ||| FLEEEEING.
 41525 | Vaults:2 | 41525 ||| FLEEEEING.
 41526 | Vaults:2 | 41526 ||| FLEEEEING.
 41527 | Vaults:2 | 41527 ||| FLEEEEING.
 41528 | Vaults:2 | 41528 ||| FLEEEEING.
 41529 | Vaults:2 | 41529 ||| STAIRDANCE
 41651 | Vaults:2 | 41651 ||| Stepping ~*~*~tactically~*~*~ (hiding).
 41844 | Vaults:2 | 41844 ||| Stepping ~*~*~tactically~*~*~ (hiding).
 41978 | Vaults:2 | 41978 ||| Stepping ~*~*~tactically~*~*~ (hiding).
 42026 | Vaults:2 | Found a huge runed gate.
 42026 | Vaults:2 | Found a huge runed gate.
 42026 | Vaults:2 | Found a huge runed gate.
 42026 | Vaults:2 | Found a huge runed gate.
 42026 | Vaults:2 | Found a huge runed gate.
 42026 | Vaults:2 | Found a huge runed gate.
 42026 | Vaults:2 | Found a huge runed gate.
 42026 | Vaults:2 | Found a huge runed gate.
 42028 | Vaults:2 | Found a huge runed gate.
 42028 | Vaults:2 | Found a huge runed gate.
 42028 | Vaults:2 | Found a huge runed gate.
 42029 | Vaults:2 | Found a huge runed gate.
 42030 | Vaults:2 | Found a huge runed gate.
 42031 | Vaults:2 | Found a huge runed gate.
 42032 | Vaults:2 | Found a huge runed gate.
 42033 | Vaults:2 | Found a huge runed gate.
 42034 | Vaults:2 | Found a huge runed gate.
 42042 | Vaults:2 | Found a huge runed gate.
 42042 | Vaults:2 | Found a huge runed gate.
 42042 | Vaults:2 | Found a huge runed gate.
 42042 | Vaults:2 | Found a huge runed gate.
 42042 | Vaults:2 | Found a huge runed gate.
 42042 | Vaults:2 | Found a huge runed gate.
 42043 | Vaults:2 | Found a huge runed gate.
 42044 | Vaults:2 | Found a huge runed gate.
 42045 | Vaults:2 | Found a huge runed gate.
 42053 | Vaults:2 | 42053 ||| Stepping ~*~*~tactically~*~*~ (stealth).
 42053 | Vaults:2 | Found a huge runed gate.
 42053 | Vaults:2 | Found a huge runed gate.
 42053 | Vaults:2 | Found a huge runed gate.
 42053 | Vaults:2 | Found a huge runed gate.
 42053 | Vaults:2 | Found a huge runed gate.
 42053 | Vaults:2 | Found a huge runed gate.
 42053 | Vaults:2 | Found a huge runed gate.
 42054 | Vaults:2 | 42054 ||| Stepping ~*~*~tactically~*~*~ (stealth).
 42054 | Vaults:2 | Found a huge runed gate.
 42061 | Vaults:2 | Reached skill level 22 in Fighting
 42131 | Vaults:2 | Found a huge runed gate.
 42133 | Vaults:2 | Found a huge runed gate.
 42242 | Vaults:2 | 42242 ||| INVOKING Trog's Hand.
 42404 | Vaults:2 | Found a staircase to the Crypt.
 42405 | Vaults:2 | 42405 ||| INVOKING Trog's Hand.
 42433 | Vaults:2 | 42433 ||| INVOKING Berserk.
 42860 | Vaults:2 | 42860 ||| Stepping ~*~*~tactically~*~*~ (hiding).
 42866 | Vaults:2 | 42866 ||| Stepping ~*~*~tactically~*~*~ (hiding).
 42872 | Vaults:2 | 42872 ||| Stepping ~*~*~tactically~*~*~ (hiding).
 42873 | Vaults:2 | 42873 ||| Stepping ~*~*~tactically~*~*~ (hiding).
 42897 | Vaults:2 | 42897 ||| Stepping ~*~*~tactically~*~*~ (hiding).
 42975 | Vaults:2 | 42975 ||| DROPPING ring of fire.
 42976 | Vaults:2 | 42976 ||| READING scroll labelled BALALE OSSU.
 43360 | Vaults:1 | Received a gift from Trog
 43363 | Vaults:1 | 43363 ||| SWAPPING to +1 antimagic broad axe.
 43364 | Vaults:1 | 43364 ||| DROPPING +11 war axe of Spring {vorpal, Dex+2}.
 43365 | Vaults:1 | 43365 ||| READING 3 scrolls of enchant weapon.
 43365 | Vaults:1 | 43365 ||| ENCHANTING +1 antimagic broad axe.
 43366 | Vaults:1 | 43366 ||| READING 2 scrolls of enchant weapon.
 43366 | Vaults:1 | 43366 ||| ENCHANTING +2 antimagic broad axe.
 43367 | Vaults:1 | 43367 ||| READING scroll of enchant weapon.
 43367 | Vaults:1 | 43367 ||| ENCHANTING +3 antimagic broad axe.
 43376 | Vaults:1 | 43376 ||| READING 16 scrolls of teleportation.
 43465 | Vaults:1 | 43465 ||| Stepping ~*~*~tactically~*~*~ (stealth).
 43635 | Vaults:3 | Noticed Zenata
 43636 | Vaults:3 | 43636 ||| STAIRDANCE
 43727 | Vaults:3 | 43727 ||| INVOKING Brothers in Arms.
 43729 | Vaults:3 | 43729 ||| INVOKING Brothers in Arms.
 43730 | Vaults:3 | 43730 ||| INVOKING Brothers in Arms.
 43731 | Vaults:3 | 43731 ||| INVOKING Berserk.
 43745 | Vaults:3 | Reached XP level 19. HP: 191/191 MP: 6/18
 43855 | Vaults:3 | Identified the ring of the Leaf {rF+ Will+ MP-9 Str+4 SInv}
 44042 | Vaults:3 | 44042 ||| INVOKING Trog's Hand.
 44101 | Vaults:3 | Reached skill level 18 in Axes
 44263 | Vaults:3 | You are sucked into a shaft and drop 1 floor!
 44302 | Vaults:4 | Paralysed by a sphinx for 5 turns
 44308 | Vaults:4 | 44308 ||| INVOKING Trog's Hand.
 44328 | Vaults:4 | 44328 ||| INVOKING Berserk.
 44331 | Vaults:4 | Reached skill level 9 in Throwing
 44333 | Vaults:4 | Noticed Xtahua
 44350 | Vaults:4 | Paralysed by Xtahua for 2 turns
 44351 | Vaults:4 | HP: 46/191 [yaktaur captain (4)]
 44353 | Vaults:4 | 44353 ||| READING 16 scrolls of teleportation.
 44353 | Vaults:4 | HP: 17/191 [yaktaur captain (15)]
 44354 | Vaults:4 | 44354 ||| DRINKING 13 potions of heal wounds.
 44355 | Vaults:4 | 44355 ||| DRINKING 12 potions of heal wounds.
 44356 | Vaults:4 | 44356 ||| DRINKING 11 potions of heal wounds.
 44367 | Vaults:4 | 44367 ||| Stepping ~*~*~tactically~*~*~ (hiding).
 44371 | Vaults:4 | 44371 ||| INVOKING Trog's Hand.
 44371 | Vaults:4 | HP: 32/189 [yaktaur captain/bolt (20)]
 44372 | Vaults:4 | 44372 ||| READING 15 scrolls of teleportation.
 44373 | Vaults:4 | 44373 ||| DRINKING 10 potions of heal wounds.
 44374 | Vaults:4 | 44374 ||| DRINKING 9 potions of heal wounds.
 44692 | Vaults:4 | 44692 ||| Stepping ~*~*~tactically~*~*~ (stealth).
 44693 | Vaults:4 | 44693 ||| Stepping ~*~*~tactically~*~*~ (stealth).
 44695 | Vaults:4 | 44695 ||| Stepping ~*~*~tactically~*~*~ (hiding).
 44717 | Vaults:4 | 44717 ||| INVOKING Trog's Hand.
 44730 | Vaults:4 | 44730 ||| Stepping ~*~*~tactically~*~*~ (stealth).
 44822 | Vaults:4 | Noticed Bai Suzhen
 44828 | Vaults:4 | 44828 ||| INVOKING Berserk.
 44836 | Vaults:4 | Killed Bai Suzhen
 44841 | Vaults:4 | 44841 ||| Stepping ~*~*~tactically~*~*~ (hiding).
 44841 | Vaults:4 | Paralysed by a sphinx for 5 turns
 44842 | Vaults:4 | Noticed Boris
 44846 | Vaults:4 | 44846 ||| INVOKING Trog's Hand.
 44869 | Vaults:4 | Killed Boris
 45174 | Vaults:4 | 45174 ||| UPGRADING to ring of the Leaf {rF+ Will+ MP-9
                  | Str+4 SInv}.
 45176 | Vaults:4 | 45176 ||| DROPPING ring of protection from fire.
 45177 | Vaults:4 | 45177 ||| UPGRADING to +4 ring of slaying {mikee}.
 45179 | Vaults:4 | 45179 ||| UPGRADING to ring of Ocaemuep {rC+ rCorr AC+4
                  | Str+3}.
 45217 | Vaults:3 | 45217 ||| Stepping ~*~*~tactically~*~*~ (stealth).
 45223 | Vaults:3 | 45223 ||| INVOKING Berserk.
 45418 | Vaults:3 | 45418 ||| Stepping ~*~*~tactically~*~*~ (stealth).
 45420 | Vaults:3 | 45420 ||| Stepping ~*~*~tactically~*~*~ (stealth).
 45422 | Vaults:3 | 45422 ||| Stepping ~*~*~tactically~*~*~ (stealth).
 45433 | Vaults:3 | 45433 ||| INVOKING Berserk.
 45542 | Vaults:3 | Found a runed translucent gate.
 45542 | Vaults:3 | Found a runed translucent gate.
 45542 | Vaults:3 | Noticed qw's ghost (adept MiFi)
 45543 | Vaults:3 | Found a runed translucent gate.
 45592 | Vaults:3 | 45592 ||| Stepping ~*~*~tactically~*~*~ (hiding).
 45596 | Vaults:3 | 45596 ||| INVOKING Trog's Hand.
 45740 | Vaults:3 | 45740 ||| Stepping ~*~*~tactically~*~*~ (hiding).
 45879 | Vaults:3 | 45879 ||| Stepping ~*~*~tactically~*~*~ (stealth).
 45880 | Vaults:3 | 45880 ||| Stepping ~*~*~tactically~*~*~ (stealth).
 45986 | Vaults:3 | Reached skill level 23 in Fighting
 46003 | Vaults:3 | 46003 ||| INVOKING Trog's Hand.
 46020 | Vaults:3 | 46020 ||| INVOKING Berserk.
 46388 | Vaults:3 | 46388 ||| INVOKING Berserk.
 46403 | Vaults:3 | Killed Zenata
 46544 | Vaults:3 | 46544 ||| READING scroll of acquirement.
 46544 | Vaults:3 | 46544 ||| ACQUIRING +9 broad axe of Amorality {elec, rC+
                  | Str+4 Dex-5 SInv Stlth+}
 46544 | Vaults:3 | Acquired the +9 broad axe of Amorality {elec, rC+ Str+4
                  | Dex-5 SInv Stlth+}
 46546 | Vaults:3 | 46546 ||| SWAPPING to +9 broad axe of Amorality {elec, rC+
                  | Str+4 Dex-5 SInv Stlth+}.
 46547 | Vaults:3 | 46547 ||| DROPPING +4 antimagic broad axe.
 47065 | Vaults:4 | 47065 ||| INVOKING Trog's Hand.
 47098 | Vaults:4 | 47098 ||| Stepping ~*~*~tactically~*~*~ (hiding).
 47285 | Vaults:4 | 47285 ||| Stepping ~*~*~tactically~*~*~ (hiding).
 47286 | Vaults:4 | 47286 ||| INVOKING Trog's Hand.
 47290 | Vaults:4 | 47290 ||| Stepping ~*~*~tactically~*~*~ (hiding).
 47292 | Vaults:4 | 47292 ||| Stepping ~*~*~tactically~*~*~ (hiding).
 47466 | Vaults:4 | 47466 ||| Stepping ~*~*~tactically~*~*~ (stealth).
 47467 | Vaults:4 | 47467 ||| Stepping ~*~*~tactically~*~*~ (stealth).
 47468 | Vaults:4 | 47468 ||| Stepping ~*~*~tactically~*~*~ (stealth).
 47470 | Vaults:4 | 47470 ||| Stepping ~*~*~tactically~*~*~ (hiding).
 47476 | Vaults:4 | 47476 ||| INVOKING Trog's Hand.
 47477 | Vaults:4 | 47477 ||| DRINKING 3 potions of resistance.
 47491 | Vaults:4 | Killed Xtahua
 47687 | Vaults:4 | Identified the +1 pair of gloves of Hytwoav {+Blink rPois
                  | rC++ Int-3}
 47721 | Vaults:4 | 47721 ||| Stepping ~*~*~tactically~*~*~ (hiding).
 47723 | Vaults:4 | 47723 ||| INVOKING Trog's Hand.
 47964 | Vaults:4 | 47964 ||| PLANNING SNAKE:4
 47964 | Vaults:4 | 47964 ||| DROPPING +1 cloak.
 48254 | Snake:4  | Entered Level 4 of the Snake Pit
 48440 | Snake:4  | 48440 ||| Stepping ~*~*~tactically~*~*~ (hiding).
 48442 | Snake:4  | 48442 ||| Stepping ~*~*~tactically~*~*~ (hiding).
 48444 | Snake:4  | 48444 ||| Stepping ~*~*~tactically~*~*~ (hiding).
 48772 | Snake:4  | 48772 ||| Stepping ~*~*~tactically~*~*~ (hiding).
 48773 | Snake:4  | 48773 ||| Stepping ~*~*~tactically~*~*~ (hiding).
 48823 | Snake:4  | 48823 ||| Stepping ~*~*~tactically~*~*~ (hiding).
 48824 | Snake:4  | 48824 ||| Stepping ~*~*~tactically~*~*~ (hiding).
 48922 | Snake:4  | 48922 ||| Stepping ~*~*~tactically~*~*~ (stealth).
 48945 | Snake:4  | 48945 ||| Stepping ~*~*~tactically~*~*~ (stealth).
 48952 | Snake:4  | Reached XP level 20. HP: 205/205 MP: 10/19
 48962 | Snake:4  | 48962 ||| Stepping ~*~*~tactically~*~*~ (stealth).
 48968 | Snake:4  | 48968 ||| Stepping ~*~*~tactically~*~*~ (hiding).
 49172 | Snake:4  | 49172 ||| Stepping ~*~*~tactically~*~*~ (hiding).
 49186 | Snake:4  | 49186 ||| Stepping ~*~*~tactically~*~*~ (hiding).
 49308 | Snake:4  | Reached skill level 24 in Fighting
 49354 | Snake:4  | 49354 ||| Stepping ~*~*~tactically~*~*~ (stealth).
 49455 | Snake:4  | Found Kuppupn's Neck Hole.
 49461 | Snake:4  | 49461 ||| BUYING amulet of reflection (420 gold).
 49461 | Snake:4  | Bought an amulet of reflection for 420 gold pieces
 49461 | Snake:4  | 49461 ||| BUYING scarf of resistance (448 gold).
 49461 | Snake:4  | Bought a scarf of resistance for 448 gold pieces
 49466 | Snake:4  | 49466 ||| Stepping ~*~*~tactically~*~*~ (hiding).
 49475 | Snake:4  | 49475 ||| Stepping ~*~*~tactically~*~*~ (hiding).
 49477 | Snake:4  | 49477 ||| Stepping ~*~*~tactically~*~*~ (hiding).
 49720 | Snake:4  | 49720 ||| Stepping ~*~*~tactically~*~*~ (stealth).
 49745 | Snake:4  | 49745 ||| INVOKING Berserk.
 49765 | Snake:4  | 49765 ||| INVOKING Brothers in Arms.
 49770 | Snake:4  | Noticed Vashnia
 49775 | Snake:4  | 49775 ||| INVOKING Brothers in Arms.
 49777 | Snake:4  | 49777 ||| INVOKING Brothers in Arms.
 49777 | Snake:4  | HP: 47/206 [poisoned by a naga ritualist (toxic radiance)]
 49778 | Snake:4  | 49778 ||| READING 15 scrolls of teleportation.
 49778 | Snake:4  | HP: 11/206 [naga warrior/+0 trident (22)]
 49779 | Snake:4  | 49779 ||| DRINKING 10 potions of heal wounds.
 49783 | Snake:4  | HP: 24/206 [poisoned by a naga warrior (splash of poison)]
 49788 | Snake:4  | HP: 21/206 [poisoned by a naga warrior (splash of poison)]
 49804 | Snake:4  | 49804 ||| READING 14 scrolls of teleportation.
 49805 | Snake:4  | 49805 ||| DRINKING 9 potions of heal wounds.
 49806 | Snake:4  | 49806 ||| DRINKING 8 potions of heal wounds.
 49807 | Snake:4  | 49807 ||| INVOKING Berserk.
 50118 | Snake:4  | 50118 ||| Stepping ~*~*~tactically~*~*~ (stealth).
 50119 | Snake:4  | 50119 ||| Stepping ~*~*~tactically~*~*~ (stealth).
 50121 | Snake:4  | 50121 ||| Stepping ~*~*~tactically~*~*~ (stealth).
 50125 | Snake:4  | 50125 ||| Stepping ~*~*~tactically~*~*~ (stealth).
 50126 | Snake:4  | 50126 ||| Stepping ~*~*~tactically~*~*~ (stealth).
 50159 | Snake:4  | 50159 ||| Stepping ~*~*~tactically~*~*~ (hiding).
 50195 | Snake:4  | 50195 ||| FLEEEEING.
 50196 | Snake:4  | 50196 ||| FLEEEEING.
 50203 | Snake:4  | 50203 ||| FLEEEEING.
 50205 | Snake:4  | 50205 ||| FLEEEEING.
 50206 | Snake:4  | 50206 ||| FLEEEEING.
 50216 | Snake:4  | 50216 ||| FLEEEEING.
 50217 | Snake:4  | 50217 ||| FLEEEEING.
 50219 | Snake:4  | 50219 ||| Stepping ~*~*~tactically~*~*~ (hiding).
 50220 | Snake:4  | 50220 ||| Stepping ~*~*~tactically~*~*~ (hiding).
 50224 | Snake:4  | Killed Vashnia
 50224 | Snake:4  | Received a gift from Trog
 50422 | Snake:4  | 50422 ||| Stepping ~*~*~tactically~*~*~ (stealth).
 50458 | Snake:4  | 50458 ||| DROPPING +6 vorpal broad axe.
 50542 | Snake:4  | Got a serpentine rune of Zot
 50578 | Snake:4  | 50578 ||| Stepping ~*~*~tactically~*~*~ (stealth).
 50899 | Snake:4  | 50899 ||| PLANNING DEPTHS
 50899 | Snake:4  | 50899 ||| UPGRADING to amulet of reflection.
 50909 | Snake:4  | 50909 ||| DROPPING amulet of guardian spirit.
 50910 | Snake:4  | 50910 ||| DROPPING amulet of the acrobat.
 50911 | Snake:4  | 50911 ||| DROPPING ring of poison resistance.
 50914 | Snake:4  | 50914 ||| Stepping ~*~*~tactically~*~*~ (hiding).
 51313 | Depths:1 | Entered Level 1 of the Depths
 51326 | Depths:1 | 51326 ||| INVOKING Brothers in Arms.
 51329 | Depths:1 | 51329 ||| INVOKING Berserk.
 51347 | Depths:1 | 51347 ||| INVOKING Trog's Hand.
 51359 | Depths:1 | 51359 ||| INVOKING Brothers in Arms.
 51366 | Depths:1 | Found a gateway to Hell.
 51372 | Depths:1 | 51372 ||| INVOKING Brothers in Arms.
 51377 | Depths:1 | 51377 ||| INVOKING Berserk.
 51386 | Depths:1 | Reached skill level 25 in Fighting
 51401 | Depths:1 | 51401 ||| INVOKING Trog's Hand.
 51403 | Depths:1 | HP: 51/210 [deep troll (11)]
 51404 | Depths:1 | 51404 ||| READING 13 scrolls of teleportation.
 51824 | Depths:1 | 51824 ||| Stepping ~*~*~tactically~*~*~ (hiding).
 51827 | Depths:1 | 51827 ||| INVOKING Trog's Hand.
 51968 | Depths:1 | 51968 ||| Stepping ~*~*~tactically~*~*~ (hiding).
 51969 | Depths:1 | 51969 ||| Stepping ~*~*~tactically~*~*~ (hiding).
 51988 | Depths:1 | 51988 ||| Stepping ~*~*~tactically~*~*~ (stealth).
 51990 | Depths:1 | 51990 ||| Stepping ~*~*~tactically~*~*~ (stealth).
 52053 | Depths:1 | Noticed Boris
 52054 | Depths:1 | 52054 ||| Stepping ~*~*~tactically~*~*~ (hiding).
 52059 | Depths:1 | 52059 ||| INVOKING Berserk.
 52070 | Depths:1 | Killed Boris
 52185 | Depths:1 | Found a runed translucent door.
 52280 | Depths:1 | Found a one-way gate leading to the halls of Pandemonium.
 52431 | Depths:1 | 52431 ||| Stepping ~*~*~tactically~*~*~ (stealth).
 52433 | Depths:1 | 52433 ||| Stepping ~*~*~tactically~*~*~ (stealth).
 52437 | Depths:1 | 52437 ||| Stepping ~*~*~tactically~*~*~ (stealth).
 52518 | Depths:1 | 52518 ||| INVOKING Brothers in Arms.
 52520 | Depths:1 | Found a shimmering blue altar of Sif Muna.
 52522 | Depths:1 | 52522 ||| INVOKING Trog's Hand.
 52523 | Depths:1 | 52523 ||| INVOKING Berserk.
 52526 | Depths:1 | Identified the +9 plate armour of the Guardian {rCorr Str+3
                  | Dex-5}
 52567 | Depths:1 | 52567 ||| INVOKING Brothers in Arms.
 52568 | Depths:1 | 52568 ||| INVOKING Brothers in Arms.
 52568 | Depths:1 | HP: 50/210 [ettin/+0 dire flail[a shadow demon] (9)]
 52569 | Depths:1 | 52569 ||| READING 12 scrolls of teleportation.
 52570 | Depths:1 | 52570 ||| DRINKING 7 potions of heal wounds.
 52960 | Depths:1 | 52960 ||| DRINKING 12 potions of curing.
 52960 | Depths:1 | 52960 ||| (to cure confusion)
 52964 | Depths:1 | 52964 ||| INVOKING Berserk.
 53186 | Depths:1 | Found a runed translucent door.
 53188 | Depths:1 | 53188 ||| DROPPING +0 plate armour of fire resistance.
 53189 | Depths:1 | 53189 ||| DROPPING +0 ice dragon scales.
 53232 | Depths:2 | 53232 ||| FLEEEEING.
 53234 | Depths:2 | 53234 ||| FLEEEEING.
 53235 | Depths:2 | 53235 ||| FLEEEEING.
 53236 | Depths:2 | 53236 ||| FLEEEEING.
 53238 | Depths:2 | 53238 ||| STAIRDANCE
 53384 | Depths:2 | 53384 ||| STAIRDANCE
 53386 | Depths:1 | 53386 ||| INVOKING Berserk.
 53592 | Depths:2 | Noticed a caustic shrike
 53593 | Depths:2 | 53593 ||| STAIRDANCE
 53665 | Depths:2 | 53665 ||| STAIRDANCE
 53667 | Depths:1 | 53667 ||| INVOKING Berserk.
 53672 | Depths:1 | Killed a caustic shrike
 53783 | Depths:2 | 53783 ||| INVOKING Trog's Hand.
 53788 | Depths:2 | 53788 ||| Stepping ~*~*~tactically~*~*~ (hiding).
 53794 | Depths:2 | Reached XP level 21. HP: 220/220 MP: 11/20
 53801 | Depths:2 | 53801 ||| Stepping ~*~*~tactically~*~*~ (stealth).
 53802 | Depths:2 | 53802 ||| Stepping ~*~*~tactically~*~*~ (stealth).
 53809 | Depths:2 | 53809 ||| Stepping ~*~*~tactically~*~*~ (hiding).
 53829 | Depths:2 | Noticed Boris
 53830 | Depths:2 | 53830 ||| Stepping ~*~*~tactically~*~*~ (hiding).
 53834 | Depths:2 | 53834 ||| Stepping ~*~*~tactically~*~*~ (hiding).
 53836 | Depths:2 | 53836 ||| INVOKING Brothers in Arms.
 53837 | Depths:2 | 53837 ||| INVOKING Berserk.
 53838 | Depths:2 | Identified the ring "Usuenull" {rElec rF+ rC+ Will- MP+9}
 53846 | Depths:2 | Killed Boris
 53849 | Depths:2 | Reached skill level 26 in Fighting
 53852 | Depths:2 | Identified the +1 shadow dragon scales "Ohout" {rF+ Will+
                  | Regen+ Dex+3 Stlth++++}
 53859 | Depths:2 | Noticed a juggernaut
 53871 | Depths:2 | HP: 41/221 [juggernaut (39)]
 53872 | Depths:2 | 53872 ||| READING 11 scrolls of teleportation.
 53873 | Depths:2 | 53873 ||| DRINKING 7 potions of heal wounds.
 53884 | Depths:2 | 53884 ||| INVOKING Brothers in Arms.
 53886 | Depths:2 | Killed a juggernaut
 54028 | Depths:2 | 54028 ||| INVOKING Berserk.
 54226 | Depths:2 | 54226 ||| Stepping ~*~*~tactically~*~*~ (hiding).
 54281 | Depths:2 | 54281 ||| INVOKING Brothers in Arms.
 54355 | Depths:2 | Found a shimmering altar of Xom.
 54356 | Depths:2 | Found a burning altar of Makhleb.
 54357 | Depths:2 | Found a snail-covered altar of Cheibriados.
 54357 | Depths:2 | Found an iron altar of Okawaru.
 54362 | Depths:2 | Paralysed by a floating eye for 4 turns
 54552 | Depths:2 | 54552 ||| Stepping ~*~*~tactically~*~*~ (stealth).
 54553 | Depths:2 | 54553 ||| Stepping ~*~*~tactically~*~*~ (stealth).
 54555 | Depths:2 | 54555 ||| Stepping ~*~*~tactically~*~*~ (hiding).
 54671 | Depths:2 | Found a one-way gateway to a ziggurat.
 54712 | Depths:2 | Found an opulent altar of Gozag.
 54966 | Depths:2 | 54966 ||| Stepping ~*~*~tactically~*~*~ (stealth).
 55034 | Depths:2 | 55034 ||| Stepping ~*~*~tactically~*~*~ (stealth).
 55036 | Depths:2 | 55036 ||| Stepping ~*~*~tactically~*~*~ (hiding).
 55249 | Depths:2 | 55249 ||| Stepping ~*~*~tactically~*~*~ (stealth).
 55252 | Depths:2 | 55252 ||| Stepping ~*~*~tactically~*~*~ (hiding).
 55376 | Depths:2 | 55376 ||| UPGRADING to +1 shadow dragon scales "Ohout" {rF+
                  | Will+ Regen+ Dex+3 Stlth++++}.
 55386 | Depths:2 | 55386 ||| DROPPING +5 chain mail of Dim Light {rElec rN+}.
 55387 | Depths:2 | 55387 ||| DROPPING +4 fire dragon scales {Xtahua}.
 55432 | Depths:3 | You are sucked into a shaft and drop 1 floor!
 55432 | Depths:4 | Entered Level 4 of the Depths
 55433 | Depths:4 | 55433 ||| INVOKING Brothers in Arms.
 55436 | Depths:4 | 55436 ||| INVOKING Berserk.
 55450 | Depths:4 | Found a runed translucent door.
 55450 | Depths:4 | Found a runed translucent door.
 55454 | Depths:4 | Reached skill level 21 in Armour
 55466 | Depths:4 | 55466 ||| Stepping ~*~*~tactically~*~*~ (stealth).
 55468 | Depths:4 | Noticed a caustic shrike
 55470 | Depths:4 | 55470 ||| Stepping ~*~*~tactically~*~*~ (stealth).
 55503 | Depths:4 | 55503 ||| Stepping ~*~*~tactically~*~*~ (stealth).
 55504 | Depths:4 | 55504 ||| Stepping ~*~*~tactically~*~*~ (stealth).
 55506 | Depths:4 | 55506 ||| Stepping ~*~*~tactically~*~*~ (stealth).
 55541 | Depths:4 | Found a runed translucent door.
 55541 | Depths:4 | Found a runed translucent door.
 55543 | Depths:4 | 55543 ||| Stepping ~*~*~tactically~*~*~ (hiding).
 55549 | Depths:4 | 55549 ||| INVOKING Brothers in Arms.
 55551 | Depths:4 | 55551 ||| INVOKING Berserk.
 55670 | Depths:4 | 55670 ||| INVOKING Brothers in Arms.
 55671 | Depths:4 | 55671 ||| INVOKING Berserk.
 55821 | Depths:4 | Noticed a juggernaut
 55823 | Depths:4 | 55823 ||| INVOKING Berserk.
 55830 | Depths:4 | Killed a juggernaut
 55898 | Depths:4 | 55898 ||| READING 10 scrolls of teleportation.
 55900 | Depths:4 | 55900 ||| Stepping ~*~*~tactically~*~*~ (hiding).
 55955 | Depths:4 | 55955 ||| Stepping ~*~*~tactically~*~*~ (stealth).
 55991 | Depths:4 | Found a glowing silver altar of Zin.
 55991 | Depths:4 | Found Kemp's Hallowed Reliquary.
 56001 | Depths:4 | 56001 ||| BUYING potion of heal wounds (85 gold).
 56001 | Depths:4 | Bought a potion of heal wounds for 85 gold pieces
 56016 | Depths:4 | 56016 ||| Stepping ~*~*~tactically~*~*~ (stealth).
 56018 | Depths:4 | 56018 ||| Stepping ~*~*~tactically~*~*~ (stealth).
 56019 | Depths:4 | 56019 ||| Stepping ~*~*~tactically~*~*~ (stealth).
 56020 | Depths:4 | 56020 ||| Stepping ~*~*~tactically~*~*~ (stealth).
 56022 | Depths:4 | 56022 ||| Stepping ~*~*~tactically~*~*~ (stealth).
 56144 | Depths:4 | 56144 ||| Stepping ~*~*~tactically~*~*~ (stealth).
 56195 | Depths:4 | Found a runed translucent door.
 56195 | Depths:4 | Found a runed translucent door.
 56210 | Depths:4 | 56210 ||| INVOKING Berserk.
 56363 | Depths:4 | Found a gate to the Realm of Zot.
 56434 | Depths:4 | Noticed a caustic shrike
 56435 | Depths:4 | Noticed a caustic shrike
 56435 | Depths:4 | Noticed a caustic shrike
 56437 | Depths:4 | Noticed a caustic shrike
 56439 | Depths:4 | Noticed a golden dragon
 56550 | Depths:4 | 56550 ||| Stepping ~*~*~tactically~*~*~ (stealth).
 56552 | Depths:4 | 56552 ||| Stepping ~*~*~tactically~*~*~ (stealth).
 56647 | Depths:4 | 56647 ||| Stepping ~*~*~tactically~*~*~ (stealth).
 56662 | Depths:4 | 56662 ||| INVOKING Brothers in Arms.
 56665 | Depths:4 | 56665 ||| INVOKING Berserk.
 56687 | Depths:4 | Killed a golden dragon
 56718 | Depths:4 | 56718 ||| Stepping ~*~*~tactically~*~*~ (stealth).
 56719 | Depths:4 | 56719 ||| Stepping ~*~*~tactically~*~*~ (stealth).
 56721 | Depths:4 | 56721 ||| Stepping ~*~*~tactically~*~*~ (stealth).
 56723 | Depths:4 | 56723 ||| Stepping ~*~*~tactically~*~*~ (stealth).
 56761 | Depths:3 | 56761 ||| INVOKING Berserk.
 56792 | Depths:3 | 56792 ||| Stepping ~*~*~tactically~*~*~ (hiding).
 56794 | Depths:3 | 56794 ||| Stepping ~*~*~tactically~*~*~ (hiding).
 56796 | Depths:3 | 56796 ||| INVOKING Brothers in Arms.
 56797 | Depths:3 | 56797 ||| INVOKING Brothers in Arms.
 56825 | Depths:3 | Noticed Boris
 56840 | Depths:3 | Killed Boris
 56916 | Depths:3 | 56916 ||| Stepping ~*~*~tactically~*~*~ (hiding).
 56929 | Depths:3 | 56929 ||| Stepping ~*~*~tactically~*~*~ (stealth).
 56936 | Depths:3 | 56936 ||| INVOKING Berserk.
 57125 | Depths:3 | 57125 ||| INVOKING Trog's Hand.
 57167 | Depths:3 | Found a portal to a secret trove of treasure.
 57258 | Depths:3 | 57258 ||| Stepping ~*~*~tactically~*~*~ (stealth).
 57260 | Depths:3 | 57260 ||| Stepping ~*~*~tactically~*~*~ (stealth).
 57262 | Depths:3 | 57262 ||| Stepping ~*~*~tactically~*~*~ (hiding).
 57280 | Depths:3 | Reached XP level 22. HP: 202/224 MP: 12/21
 57359 | Depths:3 | Found a large runed translucent door.
 57364 | Depths:3 | 57364 ||| INVOKING Brothers in Arms.
 57367 | Depths:3 | 57367 ||| INVOKING Berserk.
 57370 | Depths:3 | Reached skill level 24 in Armour
 57478 | Depths:3 | Found a large runed translucent door.
 57483 | Depths:3 | Noticed qw's ghost (veteran GrFi)
 57829 | Depths:3 | 57829 ||| INVOKING Berserk.
 57981 | Depths:4 | 57981 ||| INVOKING Berserk.
 57990 | Depths:4 | Killed a caustic shrike
 58003 | Depths:4 | Killed a caustic shrike
 58008 | Depths:4 | HP: 50/228 [caustic shrike (14)]
 58009 | Depths:4 | 58009 ||| READING 12 scrolls of teleportation.
 58010 | Depths:4 | 58010 ||| DRINKING 8 potions of heal wounds.
 58011 | Depths:4 | 58011 ||| DRINKING 7 potions of heal wounds.
 58012 | Depths:4 | Killed a caustic shrike
 58192 | Depths:4 | 58192 ||| INVOKING Berserk.
 58196 | Depths:4 | Killed a caustic shrike
 58256 | Depths:4 | 58256 ||| Stepping ~*~*~tactically~*~*~ (stealth).
 58257 | Depths:4 | 58257 ||| Stepping ~*~*~tactically~*~*~ (stealth).
 58262 | Depths:4 | 58262 ||| INVOKING Berserk.
 58266 | Depths:4 | Killed a caustic shrike
 58300 | Depths:4 | 58300 ||| FLEEEEING.
 58385 | Depths:4 | 58385 ||| Stepping ~*~*~tactically~*~*~ (stealth).
 58388 | Depths:4 | 58388 ||| Stepping ~*~*~tactically~*~*~ (hiding).
 58401 | Depths:4 | 58401 ||| Stepping ~*~*~tactically~*~*~ (stealth).
 58403 | Depths:4 | 58403 ||| Stepping ~*~*~tactically~*~*~ (stealth).
 58404 | Depths:4 | 58404 ||| Stepping ~*~*~tactically~*~*~ (stealth).
 58405 | Depths:4 | 58405 ||| Stepping ~*~*~tactically~*~*~ (stealth).
 58407 | Depths:4 | 58407 ||| Stepping ~*~*~tactically~*~*~ (stealth).
 58409 | Depths:4 | 58409 ||| Stepping ~*~*~tactically~*~*~ (stealth).
 58413 | Depths:4 | 58413 ||| Stepping ~*~*~tactically~*~*~ (stealth).
 58620 | Depths:4 | 58620 ||| Stepping ~*~*~tactically~*~*~ (stealth).
 58624 | Depths:4 | 58624 ||| Stepping ~*~*~tactically~*~*~ (hiding).
 59016 | Depths:4 | 59016 ||| PLANNING VAULTS:5
 59293 | Vaults:5 | Entered Level 5 of the Vaults
 59295 | Vaults:5 | 59295 ||| STAIRDANCE
 59326 | Vaults:5 | Noticed an ancient lich
 59327 | Vaults:5 | 59327 ||| STAIRDANCE
 59360 | Vaults:5 | 59360 ||| STAIRDANCE
 59417 | Vaults:5 | 59417 ||| STAIRDANCE
 59450 | Vaults:5 | 59450 ||| STAIRDANCE
 59452 | Vaults:4 | 59452 ||| INVOKING Brothers in Arms.
 59453 | Vaults:4 | 59453 ||| INVOKING Berserk.
 59576 | Vaults:5 | 59576 ||| INVOKING Trog's Hand.
 59577 | Vaults:5 | 59577 ||| STAIRDANCE
 59579 | Vaults:4 | 59579 ||| INVOKING Brothers in Arms.
 59580 | Vaults:4 | 59580 ||| INVOKING Berserk.
 59586 | Vaults:4 | Killed an ancient lich
 59701 | Vaults:5 | 59701 ||| INVOKING Berserk.
 59701 | Vaults:5 | Noticed an ancient lich
 59713 | Vaults:5 | Killed an ancient lich
 59734 | Vaults:5 | HP: 40/202 [yaktaur/bolt[a vault warden] (12)]
 59735 | Vaults:5 | 59735 ||| READING 11 scrolls of teleportation.
 59736 | Vaults:5 | 59736 ||| DRINKING 6 potions of heal wounds.
 59757 | Vaults:5 | 59757 ||| Stepping ~*~*~tactically~*~*~ (stealth).
 59760 | Vaults:5 | 59760 ||| INVOKING Berserk.
 59784 | Vaults:5 | HP: 69/319 [sphinx/divine providence (15)]
 59786 | Vaults:5 | 59786 ||| READING 10 scrolls of teleportation.
 59787 | Vaults:5 | 59787 ||| DRINKING 5 potions of heal wounds.
 59788 | Vaults:5 | 59788 ||| INVOKING Brothers in Arms.
 59792 | Vaults:5 | HP: 50/213 [war gargoyle/+1 morningstar of protection (13)]
 59793 | Vaults:5 | 59793 ||| READING 9 scrolls of teleportation.
 59838 | Vaults:5 | 59838 ||| INVOKING Trog's Hand.
 59862 | Vaults:5 | Noticed an ancient lich
 59871 | Vaults:5 | 59871 ||| INVOKING Brothers in Arms.
 59872 | Vaults:5 | 59872 ||| INVOKING Brothers in Arms.
 59873 | Vaults:5 | 59873 ||| INVOKING Berserk.
 59876 | Vaults:5 | Killed an ancient lich
 59992 | Vaults:5 | 59992 ||| Stepping ~*~*~tactically~*~*~ (stealth).
 59993 | Vaults:5 | 59993 ||| Stepping ~*~*~tactically~*~*~ (stealth).
 60026 | Vaults:5 | 60026 ||| Stepping ~*~*~tactically~*~*~ (stealth).
 60029 | Vaults:5 | Reached skill level 1 in Evocations
 60041 | Vaults:5 | 60041 ||| Stepping ~*~*~tactically~*~*~ (stealth).
 60043 | Vaults:5 | 60043 ||| INVOKING Trog's Hand.
 60044 | Vaults:5 | 60044 ||| Stepping ~*~*~tactically~*~*~ (stealth).
 60058 | Vaults:5 | 60058 ||| Stepping ~*~*~tactically~*~*~ (stealth).
 60060 | Vaults:5 | 60060 ||| Stepping ~*~*~tactically~*~*~ (stealth).
 60062 | Vaults:5 | 60062 ||| Stepping ~*~*~tactically~*~*~ (stealth).
 60063 | Vaults:5 | 60063 ||| Stepping ~*~*~tactically~*~*~ (stealth).
 60064 | Vaults:5 | 60064 ||| Stepping ~*~*~tactically~*~*~ (stealth).
 60067 | Vaults:5 | 60067 ||| INVOKING Berserk.
 60177 | Vaults:5 | 60177 ||| Stepping ~*~*~tactically~*~*~ (stealth).
 60178 | Vaults:5 | 60178 ||| Stepping ~*~*~tactically~*~*~ (stealth).
 60181 | Vaults:5 | 60181 ||| Stepping ~*~*~tactically~*~*~ (stealth).
 60182 | Vaults:5 | 60182 ||| Stepping ~*~*~tactically~*~*~ (stealth).
 60183 | Vaults:5 | 60183 ||| Stepping ~*~*~tactically~*~*~ (stealth).
 60283 | Vaults:5 | 60283 ||| Stepping ~*~*~tactically~*~*~ (stealth).
 60285 | Vaults:5 | 60285 ||| INVOKING Trog's Hand.
 60286 | Vaults:5 | 60286 ||| Stepping ~*~*~tactically~*~*~ (stealth).
 60289 | Vaults:5 | 60289 ||| Stepping ~*~*~tactically~*~*~ (stealth).
 60301 | Vaults:5 | 60301 ||| FLEEEEING.
 60302 | Vaults:5 | 60302 ||| FLEEEEING.
 60303 | Vaults:5 | 60303 ||| STAIRDANCE
 60335 | Vaults:5 | 60335 ||| INVOKING Berserk.
 60357 | Vaults:5 | 60357 ||| STAIRDANCE
 60411 | Vaults:5 | 60411 ||| Stepping ~*~*~tactically~*~*~ (hiding).
 60414 | Vaults:5 | Noticed a golden dragon
 60415 | Vaults:5 | 60415 ||| INVOKING Berserk.
 60419 | Vaults:5 | Reached skill level 3 in Evocations
 60423 | Vaults:5 | Killed a golden dragon
 60441 | Vaults:5 | Identified the ring "Penkink" {Drain rPois Will+ rCorr
                  | Stlth-}
 60447 | Vaults:5 | HP: 45/216 [storm dragon/bolt of lightning (27)]
 60448 | Vaults:5 | 60448 ||| READING 8 scrolls of teleportation.
 60448 | Vaults:5 | HP: 17/217 [yaktaur captain/bolt (30)]
 60449 | Vaults:5 | 60449 ||| DRINKING 4 potions of heal wounds.
 60450 | Vaults:5 | 60450 ||| DRINKING 3 potions of heal wounds.
 60453 | Vaults:5 | 60453 ||| DRINKING 2 potions of heal wounds.
 60598 | Vaults:5 | 60598 ||| Stepping ~*~*~tactically~*~*~ (stealth).
 60599 | Vaults:5 | 60599 ||| Stepping ~*~*~tactically~*~*~ (stealth).
 60600 | Vaults:5 | 60600 ||| Stepping ~*~*~tactically~*~*~ (stealth).
 60601 | Vaults:5 | 60601 ||| Stepping ~*~*~tactically~*~*~ (stealth).
 60606 | Vaults:5 | 60606 ||| Stepping ~*~*~tactically~*~*~ (stealth).
 60609 | Vaults:5 | 60609 ||| Stepping ~*~*~tactically~*~*~ (stealth).
 60611 | Vaults:5 | 60611 ||| Stepping ~*~*~tactically~*~*~ (stealth).
 60613 | Vaults:5 | 60613 ||| Stepping ~*~*~tactically~*~*~ (stealth).
 60616 | Vaults:5 | 60616 ||| INVOKING Trog's Hand.
 60628 | Vaults:5 | 60628 ||| INVOKING Berserk.
 60638 | Vaults:5 | 60638 ||| INVOKING Trog's Hand.
 60697 | Vaults:5 | 60697 ||| Stepping ~*~*~tactically~*~*~ (stealth).
 60699 | Vaults:5 | 60699 ||| Stepping ~*~*~tactically~*~*~ (stealth).
 60717 | Vaults:5 | 60717 ||| Stepping ~*~*~tactically~*~*~ (hiding).
 60722 | Vaults:5 | 60722 ||| INVOKING Berserk.
 60727 | Vaults:5 | Reached skill level 27 in Fighting
 60758 | Vaults:5 | 60758 ||| Stepping ~*~*~tactically~*~*~ (stealth).
 60776 | Vaults:5 | Reached XP level 23. HP: 190/234 MP: 13/22
 60799 | Vaults:5 | 60799 ||| Stepping ~*~*~tactically~*~*~ (stealth).
 60808 | Vaults:5 | 60808 ||| Stepping ~*~*~tactically~*~*~ (stealth).
 60819 | Vaults:5 | 60819 ||| Stepping ~*~*~tactically~*~*~ (stealth).
 60821 | Vaults:5 | 60821 ||| Stepping ~*~*~tactically~*~*~ (stealth).
 60823 | Vaults:5 | 60823 ||| Stepping ~*~*~tactically~*~*~ (stealth).
 60825 | Vaults:5 | 60825 ||| Stepping ~*~*~tactically~*~*~ (stealth).
 60826 | Vaults:5 | 60826 ||| Stepping ~*~*~tactically~*~*~ (stealth).
 60960 | Vaults:5 | Identified the +5 morningstar of Resourcefulness {elec, rF+
                  | rC+++ rN+ MP-9}
 60964 | Vaults:5 | 60964 ||| INVOKING Berserk.
 60973 | Vaults:5 | 60973 ||| FLEEEEING.
 60974 | Vaults:5 | 60974 ||| FLEEEEING.
 60976 | Vaults:5 | 60976 ||| STAIRDANCE
 61092 | Vaults:5 | 61092 ||| INVOKING Trog's Hand.
 61138 | Vaults:5 | 61138 ||| Stepping ~*~*~tactically~*~*~ (stealth).
 61141 | Vaults:5 | 61141 ||| Stepping ~*~*~tactically~*~*~ (stealth).
 61144 | Vaults:5 | 61144 ||| Stepping ~*~*~tactically~*~*~ (hiding).
 61145 | Vaults:5 | 61145 ||| INVOKING Trog's Hand.
 61147 | Vaults:5 | 61147 ||| INVOKING Brothers in Arms.
 61148 | Vaults:5 | 61148 ||| INVOKING Berserk.
 61332 | Vaults:5 | 61332 ||| Stepping ~*~*~tactically~*~*~ (hiding).
 61464 | Vaults:5 | Reached skill level 12 in Dodging
 61583 | Vaults:5 | 61583 ||| Stepping ~*~*~tactically~*~*~ (stealth).
 61585 | Vaults:5 | 61585 ||| Stepping ~*~*~tactically~*~*~ (stealth).
 61587 | Vaults:5 | 61587 ||| Stepping ~*~*~tactically~*~*~ (stealth).
 61589 | Vaults:5 | 61589 ||| Stepping ~*~*~tactically~*~*~ (stealth).
 61591 | Vaults:5 | 61591 ||| Stepping ~*~*~tactically~*~*~ (stealth).
 61596 | Vaults:5 | 61596 ||| Stepping ~*~*~tactically~*~*~ (stealth).
 61599 | Vaults:5 | 61599 ||| Stepping ~*~*~tactically~*~*~ (stealth).
 61601 | Vaults:5 | 61601 ||| Stepping ~*~*~tactically~*~*~ (stealth).
 61603 | Vaults:5 | 61603 ||| Stepping ~*~*~tactically~*~*~ (stealth).
 61634 | Vaults:5 | Got a silver rune of Zot
 61668 | Vaults:5 | 61668 ||| Stepping ~*~*~tactically~*~*~ (stealth).
 61671 | Vaults:5 | 61671 ||| Stepping ~*~*~tactically~*~*~ (stealth).
 61672 | Vaults:5 | 61672 ||| Stepping ~*~*~tactically~*~*~ (stealth).
 61675 | Vaults:5 | 61675 ||| Stepping ~*~*~tactically~*~*~ (stealth).
 61701 | Vaults:5 | 61701 ||| INVOKING Brothers in Arms.
 61703 | Vaults:5 | 61703 ||| INVOKING Berserk.
 61797 | Vaults:5 | 61797 ||| INVOKING Trog's Hand.
 61865 | Vaults:5 | 61865 ||| Stepping ~*~*~tactically~*~*~ (stealth).
 61867 | Vaults:5 | 61867 ||| Stepping ~*~*~tactically~*~*~ (stealth).
 61869 | Vaults:5 | 61869 ||| Stepping ~*~*~tactically~*~*~ (stealth).
 61871 | Vaults:5 | 61871 ||| Stepping ~*~*~tactically~*~*~ (hiding).
 61959 | Vaults:5 | 61959 ||| Stepping ~*~*~tactically~*~*~ (stealth).
 61965 | Vaults:5 | 61965 ||| Stepping ~*~*~tactically~*~*~ (stealth).
 61999 | Vaults:5 | 61999 ||| Stepping ~*~*~tactically~*~*~ (stealth).
 62002 | Vaults:5 | 62002 ||| Stepping ~*~*~tactically~*~*~ (stealth).
 62003 | Vaults:5 | 62003 ||| Stepping ~*~*~tactically~*~*~ (stealth).
 62159 | Vaults:5 | 62159 ||| PLANNING SHOPPING SPREE
 62159 | Vaults:5 | 62159 ||| DROPPING ring of flight.
 62502 | Snake:3  | 62502 ||| BUYING potion of cancellation (120 gold).
 62502 | Snake:3  | Bought a potion of cancellation for 120 gold pieces
 62502 | Snake:3  | 62502 ||| BUYING potion of curing (45 gold).
 62502 | Snake:3  | Bought a potion of curing for 45 gold pieces
 62502 | Snake:3  | 62502 ||| BUYING potion of curing (45 gold).
 62502 | Snake:3  | Bought a potion of curing for 45 gold pieces
 62502 | Snake:3  | 62502 ||| BUYING potion of curing (45 gold).
 62502 | Snake:3  | Bought a potion of curing for 45 gold pieces
 62505 | Snake:3  | 62505 ||| BUYING scroll of brand weapon (152 gold).
 62505 | Snake:3  | Bought a scroll of brand weapon for 152 gold pieces
 62505 | Snake:3  | 62505 ||| BUYING scroll of teleportation (48 gold).
 62505 | Snake:3  | Bought a scroll of teleportation for 48 gold pieces
 62505 | Snake:3  | 62505 ||| BUYING scroll of teleportation (48 gold).
 62505 | Snake:3  | Bought a scroll of teleportation for 48 gold pieces
 62505 | Snake:3  | 62505 ||| BUYING scroll of teleportation (48 gold).
 62505 | Snake:3  | Bought a scroll of teleportation for 48 gold pieces
 62505 | Snake:3  | 62505 ||| BUYING scroll of teleportation (48 gold).
 62505 | Snake:3  | Bought a scroll of teleportation for 48 gold pieces
 62725 | Orc:2    | 62725 ||| BUYING potion of curing (69 gold).
 62725 | Orc:2    | Bought a potion of curing for 69 gold pieces
 62725 | Orc:2    | 62725 ||| BUYING potion of heal wounds (115 gold).
 62725 | Orc:2    | Bought a potion of heal wounds for 115 gold pieces
 62725 | Orc:2    | 62725 ||| BUYING potion of heal wounds (115 gold).
 62725 | Orc:2    | Bought a potion of heal wounds for 115 gold pieces
 62811 | D:9      | 62811 ||| BUYING potion of heal wounds (70 gold).
 62811 | D:9      | Bought a potion of heal wounds for 70 gold pieces
 62889 | D:9      | 62889 ||| BUYING scroll of teleportation (81 gold).
 62889 | D:9      | Bought a scroll of teleportation for 81 gold pieces
 63053 | Snake:3  | 63053 ||| BUYING scroll of enchant armour (97 gold).
 63053 | Snake:3  | Bought a scroll of enchant armour for 97 gold pieces
 63053 | Snake:3  | 63053 ||| BUYING scroll of enchant armour (97 gold).
 63053 | Snake:3  | Bought a scroll of enchant armour for 97 gold pieces
 63212 | D:9      | 63212 ||| BUYING scroll of brand weapon (123 gold).
 63212 | D:9      | Bought a scroll of brand weapon for 123 gold pieces
 63390 | Snake:2  | 63390 ||| BUYING potion of heal wounds (160 gold).
 63390 | Snake:2  | Bought a potion of heal wounds for 160 gold pieces
 63742 | Orc:2    | 63742 ||| BUYING ring "Waqalank" {Contam rElec rPois rF+
                  | rN+} (633 gold).
 63742 | Orc:2    | Bought the ring "Waqalank" {Contam rElec rPois rF+ rN+} for
                  | 633 gold pieces
 63742 | Orc:2    | 63742 ||| DROPPING ring "Veazayr" {rF+ Int+6}.
 63949 | D:15     | 63949 ||| BUYING ring "Cuibbu" {rElec rF+ rCorr Str+2} (829
                  | gold).
 63949 | D:15     | Bought the ring "Cuibbu" {rElec rF+ rCorr Str+2} for 829
                  | gold pieces
 63949 | D:15     | 63949 ||| PLANNING ZOT:1-4
 64094 | Zot:1    | Entered Level 1 of the Realm of Zot
 64095 | Zot:1    | 64095 ||| INVOKING Berserk.
 64123 | Zot:1    | HP: 49/240 [purple draconian/+0 battleaxe (22)]
 64124 | Zot:1    | 64124 ||| READING 13 scrolls of teleportation.
 64124 | Zot:1    | HP: 19/240 [purple draconian/+0 dire flail (12)]
 64125 | Zot:1    | 64125 ||| DRINKING 5 potions of heal wounds.
 64125 | Zot:1    | HP: 4/240 [purple draconian/+0 dire flail (14)]
 64126 | Zot:1    | 64126 ||| DRINKING 4 potions of heal wounds.
 64127 | Zot:1    | 64127 ||| DRINKING 3 potions of heal wounds.
 64128 | Zot:1    | 64128 ||| DRINKING 2 potions of heal wounds.
 64129 | Zot:1    | 64129 ||| DRINKING potion of heal wounds.
 64134 | Zot:1    | 64134 ||| READING 12 scrolls of teleportation.
 64140 | Zot:1    | HP: 18/240 [golden dragon/blast of poison (2)]
 64146 | Zot:1    | 64146 ||| READING 11 scrolls of teleportation.
 64147 | Zot:1    | HP: 5/240 [black draconian/bolt of lightning (16)]
 64148 | Zot:1    | Killed from afar by a storm dragon

Levels and vault maps discovered:
D:1:      dpeg_arrival_radiant, layout_basic,
          hellmonk_ecumenical_altar_lost_god, chequers_serial_rivers_large_b,
          minivault_19, st_stairs_12
D:2:      layout_loops_corners, uniq_robin, uniq_crazy_yiuf_cottage
D:3:      layout_basic, kennysheep_ying_yang
D:4:      cheibrodos_quashed, layout_basic, gammafunk_temple_overflow_statue,
          nicolae_ossuary_entry_ruins
D:5:      layout_loops_ring, minmay_temple_entry_stoned_glass
D:6:      layout_basic, amcnicky_altar_gilded, gammafunk_temple_overflow_pools,
          serial_glass, glass_columns_c, glass_columns_a,
          kennysheep_another_room
D:7:      layout_gridville
D:8:      layout_layer_cave, gammafunk_ghost_smash, uniq_joseph
D:9:      layout_stronghold, grunt_temple_overflow_order_and_chaos_1,
          hiddenorc1_lemuel, serial_shops, shop, shop,
          nicolae_shop_overgrown_old_shop, shop, shop
D:10:     layout_gridville, erik_lair_dragon, kennysheep_generic_room_14,
          uniq_lodul, uniq_harold, uniq_josephine
D:11:     minmay_roctagon, layout_stronghold, hex_tiny,
          kiku_gazebo_garden_becter
D:12:     layout_long_grid, serial_shops, nicolae_diamond_shop, uniq_frances
D:13:     layout_irregular_city, david_vaults_2
D:14:     minmay_thick_lines, layout_long_grid, hangedman_decor_push,
          minmay_misc_feat_iff, chequers_arboretum
D:15:     hangedman_spin_cycle
Lair:1:   layout_regular_city, basic_altar, serial_bayou_shore_a, uniq_nergalle
Lair:2:   layout_misc_corridors, minmay_swamp_entry_worms,
          nicolae_volcano_entry_batcave, gammafunk_ghost_necromancy,
          eino_house_with_fridge
Lair:3:   layout_concentric_octagons, minmay_snake_entry_spellcaster,
          hellmonk_ghost_happy_afterlife, infiniplex_staircase_pool
Lair:4:   layout_cave_shapes, slime_entry_1, serial_bayou, serial_bayou_lake_a,
          serial_bayou_ford_a, serial_bayou_shore_b, serial_bayou_shore_b,
          portal_ice_cave_demonic_guard, columned_hall_lemuel,
          cheibrodos_lair_reptile_den, uniq_sonja
Lair:5:   hellmonk_lair_end_abyssal_woods, layout_hall_layers, st_stairs_5,
          uniq_rupert
Swamp:1:  layout_basic_swamp, evilmike_swamp_ruin_house_3, swamp_pool3,
          nicolae_swamp_soggy_hallways, infiniplex_staircase_pool_2
Swamp:2:  layout_basic_swamp, evilmike_swamp_ruin_rubble_2
Swamp:3:  layout_falls_marsh, serial_swamp_ruin, evilmike_swamp_ruin_house_6,
          evilmike_swamp_ruin_house_4, evilmike_swamp_ruin_house_2
Swamp:4:  swamp_fiery, layout_basic_swamp, swamp_pool4,
          nzn_swamp_weyward_sisters
Snake:1:  layout_layer_cave, ebering_ghost_xom
Snake:2:  layout_honeycomb, minmay_shop_star
Snake:3:  layout_layer_cave, minmay_shop_grid_forest
Snake:4:  johnstein_snake_rune_scales, layout_onion,
          nicolae_shop_sticking_my_neck_out, grunt_megastairs_3,
          lemuel_fruit_tree
Orc:1:    dreamdust_dug_too_deep, layout_diamond_mine, special_room
          [special_room_orc]
Orc:2:    st_orc_open, layout_diamond_mine
Vaults:1: v_rooms_4, nicolae_vaults_ninety_degrees, nicolae_vaults_shelves_hall,
          v_misc_33, v_misc_8, v_misc_29, kb_rosetta, ontoclasm_vaults_gateway,
          nicolae_vaults_three_branches, grunt_vaults_focal, v_misc_9,
          grunt_vaults_hallway_short, vaults_room_fancy_cross,
          layout_vaults_omnibox, uniq_donald
Vaults:2: gammafunk_ghost_door_vault, v_misc_24, ontoclasm_vaults_hangar,
          st_cells, minmay_crypt_entry_simple_statues, ontoclasm_vaults_pinch,
          nicolae_vaults_alarming, nicolae_vaults_little_squares_2,
          hangedman_vaults_capsules, vaults_room_pools, vaults_room_fours,
          v_misc_23, vaults_dpeg_encased_lava, layout_vaults_big_room,
          uniq_aizul
Vaults:3: ebering_ghost_rock_garden, grunt_vaults_swirl,
          vaults_standard_mumra_enter_the_diamond, v_alt_pattern_6,
          nicolae_vaults_stairing_the_circle, st_lines, grunt_vaults_diagonal,
          ontoclasm_vaults_eye, layout_vaults_omnigrid, uniq_zenata
Vaults:4: hangedman_vaults_maws, ontoclasm_vaults_ring_square, st_lattice,
          ontoclasm_vaults_spin, vaults_mumra_chevron, hangedman_vaults_pinch,
          ontoclasm_vaults_ring_large, vaults_dpeg_hooks,
          vaults_standard_mumra_lines, vaults_room_semicircle,
          layout_vaults_maze_snakey, uniq_xtahua, uniq_boris, uniq_bai_suzhen
Vaults:5: serial_shops
Depths:1: minmay_expanding_circles, layout_small_grid, rand_demon_pan_entry_1,
          chequers_decorated_corner, nicolae_hell_entry_hellmouth_sunbeams,
          hangedman_summoners_spam
Depths:2: minmay_the_grid_octo_tiled_squarecenter [minmay_the_grid_octo_shrine,
          minmay_the_grid_octo_fan_narrow, minmay_the_grid_octo_thin_diamonds,
          minmay_the_grid_octo_checkered,
          minmay_the_grid_square_5x5_megaprize_open,
          minmay_the_grid_square_5x5_dogpile, minmay_the_grid_square_5x5_n,
          minmay_the_grid_square_5x5_percent, minmay_the_grid_square_5x5_bite],
          layout_long_grid, enter_ziggurat_f, solitary_fountain, hell_entry,
          pan_entry, abyss_entry_small_statue_room, st_stairs_8,
          minmay_hedge_maze, nicolae_gozag_seed_capital
Depths:3: dreamdust_cat_pyramid, layout_cave_shapes,
          ebering_ghost_disaster_area, abyss_entry, small_statue_intersection,
          enter_trove_3, pf_hell_entry_tar_river,
          minmay_staircase_windowed_large
Depths:4: evilmike_zot_entry_castle, layout_basic, minmay_door_square,
          hell_entry, nicolae_good_shop
Zot:1:    grunt_twist_and_shout, layout_onion, grunt_ministairs_1

Skill      XL: |  1  2  3  4  5  6  7  8  9 10 11 12 13 14 15 16 17 18 19 20 21 22 23 |
---------------+----------------------------------------------------------------------+-----
Axes           | 4 5 6 7 9 10 11 14 16 17 18 19 20 | 20.0
Throwing       | 1 3 5 6 8 9 10 | 10.0
Fighting       | 4 5 6 8 9 12 13 15 17 18 19 20 22 23 25 26 27 | 27.0
Armour         | 3 5 6 7 10 11 13 15 16 17 18 19 20 23 25 | 25.7
Dodging        | 3 5 6 7 9 10 11 12 | 12.0
Shields        | 10 14 15 16 18 21 22 23 | 23.0
Evocations     | 4 |  4.4

Action                   |  1- 3 |  4- 6 |  7- 9 | 10-12 | 13-15 | 16-18 | 19-21 | 22-24 || total
-------------------------+-------+-------+-------+-------+-------+-------+-------+-------++-------
Melee: Hand axe          |    57 |    94 |    13 |       |       |       |       |       ||   164
       Headbutt          |     9 |    10 |    22 |    57 |   173 |   319 |   330 |   141 ||  1061
       Punch             |     1 |       |     1 |     3 |       |       |       |       ||     5
       War axe           |       |       |   136 |   310 |   699 |  1196 |       |       ||  2341
       Morningstar       |       |       |       |     2 |       |       |       |       ||     2
       Broad axe         |       |       |       |       |       |    25 |  1268 |   477 ||  1770
Throw: Javelin           |    22 |    41 |     2 |    46 |    24 |       |       |       ||   135
       Boomerang         |       |    11 |    48 |    25 |   177 |   242 |   131 |    56 ||   690
Invok: Berserk           |     3 |     2 |     9 |    20 |    18 |    40 |    25 |    19 ||   136
       Brothers in Arms  |       |       |       |     4 |     7 |     8 |    16 |     7 ||    42
       Trog's Hand       |       |       |       |       |     5 |    11 |    17 |     9 ||    42
  Use: Scroll            |     3 |    11 |     7 |     9 |     4 |    10 |     9 |     8 ||    61
       Potion            |       |     4 |     2 |     1 |     1 |     1 |    12 |    12 ||    33
 Stab: Petrified         |       |       |       |       |     4 |       |       |       ||     4
       Sleeping          |       |       |       |       |       |     1 |     2 |       ||     3
       Distracted        |       |       |       |       |       |       |       |     2 ||     2
Armor: Animal skin       |     1 |       |       |       |       |       |       |       ||     1
       Ring mail         |     9 |    14 |       |       |       |       |       |       ||    23
       Scale mail        |       |     8 |       |       |       |       |       |       ||     8
       Chain mail        |       |     4 |    24 |   115 |   248 |   423 |   388 |       ||  1202
       Plate armour      |       |       |    39 |    26 |       |       |       |       ||    65
       Shadow dragon sca |       |       |       |       |       |       |    85 |   222 ||   307
Dodge: Dodged            |    28 |    37 |    51 |   135 |   153 |   304 |   256 |   131 ||  1095
Block: Kite shield       |       |       |       |    41 |   341 |   110 |       |       ||   492
       Tower shield      |       |       |       |       |       |   780 |  1157 |   527 ||  2464
       Reflection        |       |       |       |       |       |       |     8 |    40 ||    48

Table legend:
 A = Non-vault XP
 B = Vault XP
 C = Vault XP percentage of total XP
 D = Non-vault monster count
 E = Vault monster count
 F = Vault count percentage of total count
                 A         B        C        D         E       F
            +---------+---------+-------+---------+---------+-------
      Total |  450312 |  438907 |  49.4 |    1042 |     622 |  37.4
            +---------+---------+-------+---------+---------+-------
        D:1 |      50 |       1 |   2.0 |      25 |       1 |   3.8
        D:2 |      30 |      35 |  53.8 |      15 |      11 |  42.3
        D:3 |     207 |       0 |   0.0 |      28 |       0 |   0.0
        D:4 |     242 |       0 |   0.0 |      21 |       0 |   0.0
        D:5 |     716 |       0 |   0.0 |      28 |       0 |   0.0
        D:6 |    1057 |       0 |   0.0 |      17 |       0 |   0.0
        D:7 |    1254 |       0 |   0.0 |      22 |       0 |   0.0
        D:8 |    1948 |     423 |  17.8 |      21 |       1 |   4.5
        D:9 |    3255 |     257 |   7.3 |      26 |      17 |  39.5
       D:10 |    2357 |    5482 |  69.9 |      20 |      22 |  52.4
       D:11 |    8479 |    5402 |  38.9 |      35 |       8 |  18.6
       D:12 |    3328 |       0 |   0.0 |      10 |       0 |   0.0
       D:13 |    5878 |    1205 |  17.0 |      11 |       3 |  21.4
       D:14 |   14185 |    3159 |  18.2 |      28 |       7 |  20.0
       D:15 |       0 |   41204 | 100.0 |       0 |      66 | 100.0
     Lair:1 |    3321 |     790 |  19.2 |      16 |       1 |   5.9
     Lair:2 |    2847 |    2360 |  45.3 |      11 |      18 |  62.1
     Lair:3 |    7004 |     434 |   5.8 |      21 |       1 |   4.5
     Lair:4 |   12917 |    2228 |  14.7 |      36 |      10 |  21.7
     Lair:5 |   21552 |   12749 |  37.2 |      58 |      38 |  39.6
    Swamp:1 |   13737 |    4521 |  24.8 |      25 |       6 |  19.4
    Swamp:2 |   11911 |       0 |   0.0 |      30 |       0 |   0.0
    Swamp:3 |   12397 |       0 |   0.0 |      18 |       0 |   0.0
    Swamp:4 |   16767 |   17673 |  51.3 |      25 |      28 |  52.8
    Snake:1 |    5634 |       0 |   0.0 |      13 |       0 |   0.0
    Snake:2 |   13406 |       0 |   0.0 |      29 |       0 |   0.0
    Snake:3 |   18340 |       0 |   0.0 |      40 |       0 |   0.0
    Snake:4 |   33090 |   25182 |  43.2 |      69 |      40 |  36.7
      Orc:1 |    4552 |       0 |   0.0 |      38 |       0 |   0.0
      Orc:2 |    4669 |   14901 |  76.1 |      30 |      37 |  55.2
   Vaults:1 |    6057 |   18894 |  75.7 |       9 |      28 |  75.7
   Vaults:2 |   21167 |   19570 |  48.0 |      38 |      25 |  39.7
   Vaults:3 |   26130 |   16953 |  39.3 |      40 |      24 |  37.5
   Vaults:4 |   22853 |   50768 |  69.0 |      27 |      52 |  65.8
   Vaults:5 |   20700 |   87423 |  80.9 |      33 |      72 |  68.6
   Depths:1 |   37271 |   23019 |  38.2 |      42 |      28 |  40.0
   Depths:2 |   11083 |   32422 |  74.5 |      11 |      30 |  73.2
   Depths:3 |   31348 |    9537 |  23.3 |      29 |       7 |  19.4
   Depths:4 |   48061 |   33234 |  40.9 |      46 |      32 |  41.0
      Zot:1 |     512 |    9081 |  94.7 |       1 |       9 |  90.0
            +---------+---------+-------+---------+---------+-------
